 Dungeon Crawl Stone Soup version 0.31-a0-257-gf185e81a89 (webtiles) character file.

Game seed: 1943001419992655209

517430 qw the Conqueror (level 24, -11/249 HPs)
             Began as a Minotaur Hexslinger on July 12, 2023.
             Was a High Priest of Okawaru.
             Mangled by a golden dragon (22 damage)
             ... on level 1 of the Realm of Zot on July 13, 2023.
             The game lasted 00:31:32 (45799 turns).

qw the Conqueror (Minotaur Hexslinger)             Turns: 45799, Time: 00:31:32

Health: -11/249    AC: 30    Str: 20    XL:     24   Next: 3%
Magic:  33/35      EV: 53    Int: 14    God:    Okawaru [*****.]
Gold:   4805       SH:  0    Dex: 36    Spells: 24/25 levels left

rFire   + + .        z - +9 orcbow of the Shrinking Gods {speed, Dex+4}
rCold   + + .        (shield currently unavailable)
rNeg    . . .        p - +5 faerie dragon scales {Will+ rCorr}
rPois   +            b - +5 hat of Weankeim {rF+ Str+4}
rElec   .            l - scarf of Sloth {rC+ rF+, Drain Fly Int+4}
rCorr   +            A - +0 pair of gloves of the Past {Rampage rPois rC+ Dex+4}
SInv    .            v - +3 pair of seven-league boots {Rampage+∞}
Will    ++...        u - amulet of faith
Stlth   ++++         f - +6 ring of dexterity
HPRegen 0.61/turn    e - +5 ring of evasion
MPRegen 0.24/turn

%: rampage+inf, faith
@: about to teleport, heroic, finesse-ful, flying, slowed, very slow
A: horns 2, retaliatory headbutt
}: 3/15 runes: serpentine, barnacled, silver
a: Renounce Religion, Heroism, Finesse, Duel


You were on level 1 of the Realm of Zot.
You worshipped Okawaru.
Okawaru was extremely pleased with you.
You visited 9 branches of the dungeon, and saw 41 of its levels.
You also visited: Sewer and Gauntlet.

You collected 5990 gold pieces.
You spent 1185 gold pieces at shops.


Innate Abilities, Weirdness & Mutations

You have a pair of horns on your head.
You reflexively headbutt those who attack you in melee.


   Skills:
 O Level 27 Fighting
 - Level 22.0(27) Ranged Weapons
 - Level 22.0(27) Armour
 - Level 22.0(27) Dodging
 - Level 1.0 Spellcasting
 - Level 2.0 Hexes
 + Level 18.2 Invocations


You had 24 spell levels left.
You knew the following spells:

 Your Spells              Type           Power      Damage    Failure   Level
a - Slow                  Hex            24%        N/A       13%         1

Your spell library contained the following spells:

 Spells                   Type           Power      Damage    Failure   Level
 Inner Flame              Hex/Fire       3%         N/A       50%         3
 Portal Projectile        Hex/Tloc       6%         N/A       50%         3
 Cause Fear               Hex            3%         N/A       77%         4

Inventory:

Hand Weapons
 z - the +9 orcbow of the Shrinking Gods (weapon) {speed, Dex+4}
   (You took it off a merfolk on level 4 of the Shoals)

   Dex:       It affects your dexterity (+4).
Armour
 b - the +5 hat of Weankeim (worn) {rF+ Str+4}
   (You found it in a Gauntlet)

   Str:       It affects your strength (+4).
   rF:        It protects you from fire.
 k - the +0 pair of boots "Piaxyt" {rF+ rC+ Slay-5}
   (You bought it in a shop on level 6 of the Dungeon)

   Slay:      It affects your accuracy & damage with ranged weapons and melee
   (-5).
   rF:        It protects you from fire.
   rC:        It protects you from cold.
 l - the scarf of Sloth (worn) {rC+ rF+, Drain Fly Int+4}
   (Okawaru gifted it to you on level 1 of the Vaults)

   Int:       It affects your intelligence (+4).
   Fly:       It grants you flight.
   Drain:     It drains your maximum health when unequipped.
 p - the +5 faerie dragon scales (worn) {Will+ rCorr}
   (You took it off the Enchantress on level 3 of the Depths)

   rCorr:     It protects you from acid and corrosion.
   Will:      It increases your willpower.
 r - a +2 robe of fire resistance
 t - the +1 cloak "Itzyhaco" {rElec rN+ Dex+2}
   (You found it on level 9 of the Dungeon)

   Dex:       It affects your dexterity (+2).
   rElec:     It insulates you from electricity.
   rN:        It protects you from negative energy.
 v - the +3 pair of seven-league boots (worn) {Rampage+∞}
   (You found it in a Gauntlet)

   Rampage+∞: When moving toward enemies, its wearer moves as far as possible,
   alerting their target en route.
 A - the +0 pair of gloves of the Past (worn) {Rampage rPois rC+ Dex+4}
   (Okawaru gifted it to you on level 2 of the Snake Pit)

   Dex:       It affects your dexterity (+4).
   rC:        It protects you from cold.
   rPois:     It protects you from poison.
   Rampage:   It bestows one free step when moving towards enemies.
Jewellery
 e - a +5 ring of evasion (right hand)
 f - a +6 ring of dexterity (left hand)
 n - a ring of protection from fire
 u - an amulet of faith (around neck)
 B - the ring "Morat" {rElec rPois Dex+2}
   (You found it on level 4 of the Shoals)

   [ring of poison resistance]

   Dex:       It affects your dexterity (+2).
   rElec:     It insulates you from electricity.
   rPois:     It protects you from poison.
 C - the amulet "Baacuph" {Reflect Fragile Will++ Slay+3 SH+5}
   (You acquired it on level 1 of the Vaults)

   [amulet of reflection]

   It reflects blocked missile attacks.
   Slay:      It affects your accuracy & damage with ranged weapons and melee
   (+3).
   Fragile:   It will be destroyed if unequipped.
   SH:        It affects your SH (+5).
   Will:      It greatly increases your willpower.
Wands
 D - a wand of digging (10)
Scrolls
 c - 13 scrolls of teleportation
 d - 28 scrolls of identify
 g - a scroll of enchant armour
 y - 5 scrolls of brand weapon
 G - 2 scrolls of enchant weapon
Potions
 a - 9 potions of enlightenment
 h - 2 potions of cancellation
 j - 10 potions of might
 m - 7 potions of haste
 o - 7 potions of mutation
 s - 8 potions of curing
 F - 2 potions of magic

Dungeon Overview and Level Annotations

Branches:
Dungeon (15/15)            Temple (1/1) D:4            Lair (5/5) D:9
 Shoals (4/4) Lair:2        Snake (4/4) Lair:3        Slime (0/5) Lair:4
    Orc (2/2) D:9          Vaults (5/5) D:14          Crypt (0/3) Vaults:3
 Depths (4/4) D:15            Zot (1/5) Depths:4      Sewer (visited)
Gauntlet (visited)
    Elf: Orc:2

Altars:
Ashenzari
Cheibriados
Dithmenos
Elyvilon
Fedhas
Gozag
Hepliaklqana
Kikubaaqudgha
Makhleb
Nemelex Xobeh
Okawaru
Qazlal
Ru
Sif Muna
Trog
Uskayaw
Vehumet
Wu Jian
Xom
Yredelemnul
Zin
The Shining One
Jiyva
Lugonu

Shops:
D:1 (   D:6 [   D:11 (   D:14 ?   Orc:1 *   Shoals:1 !   Snake:1 *(
Depths:1 ?

Portals:
Hell: Depths:1 Depths:2 Depths:3 Depths:4
Abyss: Shoals:1 Depths:3 Depths:4
Pandemonium: Depths:2
Ziggurat: Depths:2
Trove: D:13 (lose all piety)

Annotations:
D:5 2 runed translucent doors, qw's ghost, novice MiHs
D:8 3 runed translucent doors
D:9 3 runed translucent doors, qw's ghost, novice GrHs
Lair:3 3 runed translucent doors, qw's ghost, journeyman MiHs
Lair:5 1 runed translucent door
Shoals:1 1 runed translucent door
Shoals:3 1 runed translucent door, qw's ghost, adept MiHs
Vaults:1 exclusion: 2 lindwurms


Message History

The red draconian completely misses you.
The red draconian scorcher breathes fire at you.
The searing blast hits you. You resist.
The yellow draconian completely misses you.
The green draconian closely misses you.
You shoot an arrow.
The arrow hits the red draconian scorcher.
The red draconian scorcher is moderately wounded.
You are engulfed in blazing flames.
You resist.
Your surroundings seem slightly different.
45796 ||| READING 14 scrolls of teleportation.
As you read the scroll of teleportation, it crumbles to dust.
You feel strangely unstable.
You feel the Orb delaying your translocation!
The golden dragon breathes cold at you. The bolt of cold misses you.
The yellow draconian completely misses you.
The green draconian completely misses you. x2
You shoot an arrow. The arrow hits the black draconian.
The black draconian is severely wounded.
The golden dragon completely misses you.
You furiously retaliate!
You headbutt the golden dragon!
The golden dragon completely misses you. x2
The black draconian hits you but does no damage.
The red draconian breathes fire at you. The searing blast misses you.
The yellow draconian misses you.
The green draconian completely misses you.
The green draconian closely misses you.
You shoot an arrow. The arrow hits the black draconian!!
The black draconian is almost dead.
You shoot an arrow.
The arrow barely misses the black draconian.
The black draconian hits you with a +0 glaive!
The red draconian completely misses you.
The red draconian scorcher misses you. The yellow draconian spits acid at you.
The glob of acid misses you. The green draconian misses you.
The green draconian completely misses you.
The golden dragon bites you!!
You die...

.. . .###### ..
......# ...
#..0..#
...####.....#
............#
#.....d@D...#
#.....dqd...#
#.....d)#......
#.......##.....
#......)# .....
#.......# ....
### #########
##. ..# #.#


You could see a golden dragon, a black draconian, a yellow draconian (catching
breath), a green draconian, a red draconian and a red draconian scorcher
(catching breath).

Vanquished Creatures
  A dread lich (Vaults:5)
  An ancient lich (Vaults:5)
  Mennas (Depths:3)
  A juggernaut (Depths:4)
  Mara (Depths:2)
  Vv (Depths:3)
  Bai Suzhen (Depths:2)
  Saint Roka (Vaults:1)
  2 golden dragons (Depths:4)
  the Enchantress (Depths:3)
  3 doom hounds (Depths:2)
  A bone dragon (Vaults:3)
  10 tentacled monstrosities
  A walking crystal tome (Depths:2)
  Mlioglotl (Shoals:3)
  2 titans (Vaults:5)
  A walking earthen tome (Depths:3)
  3 liches
  3 walking frostbound tomes
  Grunn (Depths:2)
  4 quicksilver dragons
  Frances (Snake:1)
  2 walking divine tomes
  Gastronok (Orc:1)
  A death cob (Zot:1)
  7 sphinxes
  6 shadow dragons
  6 storm dragons
  Ilsuiw (Shoals:3)
  8 tengu reavers
  Roxanne (D:14)
  3 draconian monks (Zot:1)
  16 nagarajas
  12 fire giants
  3 deep elf sorcerers
  14 vault wardens
  2 iron dragons
  12 frost giants
  Louise (D:14)
  5 spriggan defenders
  2 draconian shifters (Zot:1)
  4 draconian stormcallers (Depths:4)
  22 ironbound preservers
  3 draconian annihilators
  A formless jellyfish (Vaults:4)
  8 ironbound thunderhulks
  5 war gargoyles
  28 very ugly things
  17 stone giants
  6 deep elf demonologists
  A red draconian (Zot:1)
  3 green draconians
  7 dire elephants
  3 purple draconians
  A minotaur (Gauntlet)
  2 vampire knights
  3 spark wasps
  A deep elf annihilator (Vaults:5)
  A white draconian (Depths:4)
  2 black draconians
  2 merfolk javelineers
  10 merfolk impalers
  9 fire dragons
  A blizzard demon (Zot:1)
  A crystal guardian (Vaults:4)
  18 ettins
  3 entropy weavers
  A green death (Depths:2)
  18 yaktaur captains
  Fannar (D:12)
  4 deep elf high priests
  Harold (Lair:1)
  A catoblepas (shapeshifter) (Vaults:5)
  3 great orbs of eyes
  37 vault guards
  6 ice dragons
  3 peacekeepers (Vaults:4)
  7 hydras
  4 rakshasas
  A salamander tyrant (Snake:4)
  Erica (D:9)
  4 boulder beetles
  8 ironbound frosthearts
  6 ogre magi
  3 catoblepae (Lair:5)
  A merfolk avatar (Shoals:4)
  10 anacondas
  3 merfolk aquamancers (Shoals:4)
  11 spriggan air magi
  7 tengu warriors
  An alligator (shapeshifter) (Vaults:5)
  A satyr (Shoals:3)
  6 two-headed ogres
  16 death yaks
  7 deep troll earth magi
  18 naga warriors
  17 centaur warriors
  A dancing weapon (Vaults:5)
  12 deep troll shamans
  A vampire mage (Depths:4)
  5 large abominations (D:9)
  17 naga sharpshooters
  4 spriggans
  A soul eater (Gauntlet)
  A sun demon (Depths:2)
  10 hell knights
  Sonja (Lair:1)
  7 spriggan berserkers
  7 shock serpents
  Amaemon (Lair:1)
  7 iron trolls
  A fire crab (shapeshifter) (Vaults:5)
  9 skeletal warriors
  2 skysharks
  5 salamander mystics
  A sixfirhy (Depths:2)
  5 glowing orange brains
  78 deep trolls
  A deep troll (shapeshifter) (Depths:3)
  A spriggan rider (Depths:3)
  12 sea snakes
  A kraken simulacrum (Shoals:4)
  2 flayed ghosts (Depths:3)
  A shadow dragon zombie (Vaults:3)
  A tengu zombie (Vaults:4)
  16 harpies
  7 phantasmal warriors
  8 wizards
  25 lindwurms
  20 ironbound convokers
  4 deep elf pyromancers
  2 deep elf archers (Vaults:3)
  A mana viper (shapeshifter) (Depths:3)
  2 deep elf zephyrmancers (Vaults:5)
  11 mana vipers
  8 naga ritualists
  9 necromancers
  An orc knight (Vaults:5)
  4 moths of wrath (Zot:1)
  An orc sorcerer (Orc:1)
  A fire giant zombie (Vaults:4)
  38 ugly things
  A wolf spider (shapeshifter) (Vaults:5)
  9 cyclopes
  21 manticores
  13 fauns
  A stone giant zombie (Vaults:4)
  24 elephants
  9 salamanders
  A moth of wrath (shapeshifter) (Vaults:5)
  11 merfolk sirens
  3 apocalypse crabs (Shoals:1)
  34 black mambas
  A guardian serpent (shapeshifter) (Vaults:5)
  5 guardian serpents
  Joseph (Lair:1)
  Maurice (D:9)
  14 vault sentinels
  6 naga magi
  7 water nymphs
  11 cane toads
  Psyche (D:12)
  Maggie (D:8)
  2 orange demons
  3 unseen horrors
  4 kobold demonologists
  A yaktaur zombie (Vaults:3)
  3 rime drakes
  A yaktaur (shapeshifter) (D:15)
  A freezing wraith (Vaults:5)
  15 yaktaurs
  An ice devil (Depths:2)
  5 komodo dragons
  6 tengu conjurers
  A red devil (Depths:2)
  28 merfolk
  5 trolls
  2 polar bears (Lair:4)
  12 wind drakes
  9 hornets
  2 hellwings (Depths:2)
  A blink frog (shapeshifter) (D:14)
  17 blink frogs
  12 dream sheep
  8 snapping turtles
  34 slime creatures
  A spriggan (shapeshifter) (D:15)
  A shadow (D:12)
  An ettin skeleton (Vaults:3)
  A jumping spider (shapeshifter) (D:14)
  A wyvern (shapeshifter) (Vaults:5)
  56 yaks
  14 wyverns
  2 wraiths
  A human (Lair:5)
  11 water elementals
  2 basilisks
  A chaos spawn (Depths:2)
  Eustachio (D:6)
  4 steam dragons
  A warg (shapeshifter) (Depths:3)
  2 redbacks (Vaults:1)
  7 vampire mosquitoes
  4 wargs
  25 nagas
  A swamp worm (shapeshifter) (Depths:3)
  4 floating eyes
  Duvessa (D:7)
  4 ice beasts
  11 orc warriors
  12 water moccasins
  2 glowing shapeshifter skeletons
  2 sky beasts
  8 black bears
  23 centaurs
  12 ogres
  25 wolves
  4 kobold brigands
  13 bullfrogs
  5 scorpions
  2 human skeletons
  7 small abominations (D:9)
  14 wights
  Dowan (D:7)
  7 killer bees (D:9)
  3 howler monkeys
  An electric eel (Snake:4)
  5 jellies
  14 orc priests
  A gnoll bouda (D:7)
  3 hounds (D:5)
  A sleepcap (D:7)
  3 iguanas
  27 orc wizards
  13 adders
  6 gnolls
  A river rat (D:5)
  4 shadow imps
  2 white imps
  An ufetubus (D:6)
  5 worms
  3 dart slugs (D:1)
  65 orcs
  11 ball pythons
  13 bats
  9 endoplasms
  7 giant cockroaches
  8 goblins
  7 hobgoblins
  10 quokkas
  11 frilled lizards
  34 kobolds
  7 rats
1784 creatures vanquished.

Vanquished Creatures (others)
  A draconian knight (Zot:1)
  A red draconian (Zot:1)
  A harpy (Shoals:2)
  An orc wizard (D:8)
  An orc (D:9)
  4 tentacles (Shoals:4)
9 creatures vanquished.

Grand Total: 1793 creatures vanquished

Notes
Turn   | Place    | Note
-------+----------+-------------------------------------------
     0 | D:1      | qw the Minotaur Hexslinger began the quest for the Orb.
     0 | D:1      | Reached XP level 1. HP: 16/16 MP: 1/1
     0 | D:1      | 0 ||| qw: Version: 0.3-a-52-g30416fa
     0 | D:1      | 0 ||| qw: Game counter: 6817
     0 | D:1      | 0 ||| qw: Melee chars always use a shield: true
     0 | D:1      | 0 ||| qw: God list: Okawaru
     0 | D:1      | 0 ||| qw: Allow faded altars: false
     0 | D:1      | 0 ||| qw: Do Orc after clearing Dungeon:15 true
     0 | D:1      | 0 ||| qw: Do second Lair branch before Depths: true
     0 | D:1      | 0 ||| qw: Lair rune preference: random
     0 | D:1      | 0 ||| qw: Goals: Normal
     0 | D:1      | 0 ||| PLANNING D:1-11
    99 | D:1      | 99 ||| FLEEEEING.
   100 | D:1      | 100 ||| FLEEEEING.
   101 | D:1      | 101 ||| FLEEEEING.
   102 | D:1      | 102 ||| FLEEEEING.
   117 | D:1      | Reached skill level 3 in Ranged Weapons
   117 | D:1      | Reached XP level 2. HP: 23/23 MP: 2/2
   224 | D:1      | Reached skill level 2 in Fighting
   470 | D:1      | Reached XP level 3. HP: 23/29 MP: 3/3
   843 | D:1      | Found Suoxuuc's Antique Weapon Boutique.
   854 | D:1      | 854 ||| SHOPLISTING runed orcbow (123 gold, have 56).
   918 | D:1      | Found a faded altar of an unknown god.
   956 | D:1      | 956 ||| UPGRADING to +6 ring of dexterity.
   957 | D:1      | 957 ||| READING scroll labelled HEPUNTU DOUS.
   958 | D:1      | 958 ||| READING scroll labelled VAISMODWOQ.
   961 | D:1      | 961 ||| READING scroll labelled WOEQEAJIUMN.
   962 | D:1      | 962 ||| READING scroll labelled GABARH VERGHA.
   963 | D:1      | 963 ||| READING scroll labelled WERCHAI ASOW.
   964 | D:1      | 964 ||| DROPPING scroll of poison.
   998 | D:2      | 998 ||| STAIRDANCE
  1030 | D:2      | 1030 ||| SWAPPING to +0 orcbow.
  1031 | D:2      | 1031 ||| DROPPING +1 sling.
  1297 | D:2      | Reached XP level 4. HP: 36/36 MP: 4/4
  1654 | D:2      | 1654 ||| UPGRADING to +0 pair of boots.
  1659 | D:2      | 1659 ||| READING scroll labelled XIATEU XONGAZI.
  1738 | D:3      | Reached skill level 3 in Fighting
  2037 | D:3      | Found an opulent altar of Gozag.
  2073 | D:3      | Reached XP level 5. HP: 44/45 MP: 5/5
  2345 | D:3      | 2345 ||| UPGRADING to +0 leather armour.
  2355 | D:3      | 2355 ||| DROPPING +0 robe.
  2356 | D:3      | 2356 ||| UPGRADING to +0 ring mail.
  2366 | D:3      | 2366 ||| DROPPING +0 leather armour.
  2367 | D:3      | 2367 ||| UPGRADING to amulet of guardian spirit.
  2372 | D:3      | 2372 ||| READING scroll labelled ZOONITIOVO.
  2473 | D:3      | 2473 ||| READING scroll labelled PEHUBR ICWI.
  2474 | D:3      | 2474 ||| READING scroll labelled JOIMAT YCLYO.
  2544 | D:3      | 2544 ||| READING scroll labelled SAANGAENAU.
  2545 | D:3      | 2545 ||| READING scroll labelled QYRIECH DECICW.
  2546 | D:3      | 2546 ||| READING 2 scrolls of identify.
  2546 | D:3      | 2546 ||| IDENTIFYING glowing amethyst potion
  2547 | D:3      | 2547 ||| DROPPING potion of brilliance.
  2605 | D:4      | Found an ornate altar of the Wu Jian Council.
  2632 | D:4      | Reached skill level 1 in Armour
  2642 | D:4      | Noticed a black bear
  2646 | D:4      | Killed a black bear
  2647 | D:4      | Reached skill level 6 in Ranged Weapons
  2647 | D:4      | Reached XP level 6. HP: 50/51 MP: 6/6
  2768 | D:4      | Reached skill level 4 in Fighting
  2988 | D:4      | Reached XP level 7. HP: 60/60 MP: 7/7
  2991 | D:4      | Found a staircase to the Ecumenical Temple.
  2992 | D:4      | 2992 ||| PLANNING TEMPLE
  2992 | D:4      | 2992 ||| DRINKING 2 glowing grey potions.
  2993 | D:4      | 2993 ||| DRINKING 2 fizzy white potions.
  2994 | D:4      | 2994 ||| DROPPING potion of magic.
  3000 | Temple   | Entered the Ecumenical Temple
  3114 | Temple   | 3114 ||| PLANNING D:1-11
  3165 | D:4      | Reached skill level 3 in Dodging
  3346 | D:4      | 3346 ||| READING scroll labelled ZEUCUJ VUDDUPA.
  3377 | D:5      | Entered Level 5 of the Dungeon
  3378 | D:5      | 3378 ||| PLANNING SEWER
  3418 | D:5      | Found a hide-covered altar of Uskayaw.
  3460 | D:5      | Reached skill level 5 in Fighting
  3498 | D:5      | Found a runed translucent door.
  3501 | D:5      | Noticed qw's ghost (novice MiHs)
  3557 | D:5      | Reached XP level 8. HP: 68/68 MP: 8/8
  3699 | D:5      | Found a sacrificial altar of Ru.
  3722 | D:5      | Found a runed translucent door.
  3728 | D:5      | Found a broken altar of Ashenzari.
  3774 | D:5      | Found a snail-covered altar of Cheibriados.
  3826 | D:5      | Reached skill level 9 in Ranged Weapons
  3900 | D:5      | Reached skill level 6 in Fighting
  3963 | D:5      | Found a glowing drain.
  3964 | D:5      | 3964 ||| UPGRADING to +5 ring of evasion.
  3965 | D:5      | 3965 ||| DRINKING 3 fuming ruby potions.
  3968 | D:5      | 3968 ||| DRINKING 2 coppery potions.
  3969 | D:5      | 3969 ||| READING 2 scrolls of identify.
  3969 | D:5      | 3969 ||| IDENTIFYING inky potion
  3975 | Sewer    | Entered a sewer
  4055 | Sewer    | 4055 ||| Stepping ~*~*~tactically~*~*~ (water).
  4068 | Sewer    | 4068 ||| Stepping ~*~*~tactically~*~*~ (water).
  4122 | Sewer    | 4122 ||| Stepping ~*~*~tactically~*~*~ (water).
  4405 | Sewer    | 4405 ||| UPGRADING to amulet of regeneration.
  4415 | Sewer    | 4415 ||| DROPPING amulet of guardian spirit.
  4416 | Sewer    | 4416 ||| READING scroll labelled QAOPEUSU EQIT.
  4436 | D:5      | 4436 ||| PLANNING D:1-11
  4594 | D:6      | Found Modilo Luask's Armour Boutique.
  4631 | D:6      | 4631 ||| BUYING +0 cloak (49 gold).
  4631 | D:6      | Bought a +0 cloak for 49 gold pieces
  4631 | D:6      | 4631 ||| BUYING +0 pair of boots "Piaxyt" {rF+ rC+ Slay-5}
                  | (49 gold).
  4631 | D:6      | Bought the +0 pair of boots "Piaxyt" {rF+ rC+ Slay-5} for
                  | 49 gold pieces
  4631 | D:6      | 4631 ||| BUYING +2 leather armour of cold resistance (209
                  | gold).
  4631 | D:6      | Bought a +2 leather armour of cold resistance for 209 gold
                  | pieces
  4694 | D:6      | 4694 ||| READING scroll of enchant weapon.
  4694 | D:6      | 4694 ||| ENCHANTING +1 heavy orcbow.
  4766 | D:6      | Reached skill level 7 in Fighting
  4815 | D:6      | Found a radiant altar of Vehumet.
  4822 | D:6      | Reached XP level 9. HP: 62/79 MP: 9/9
  4844 | D:6      | Found an ancient bone altar of Kikubaaqudgha.
  4850 | D:6      | Found a shimmering blue altar of Sif Muna.
  4920 | D:6      | Noticed Eustachio
  4927 | D:6      | Killed Eustachio
  5389 | D:6      | Found a shimmering altar of Xom.
  5398 | D:6      | 5398 ||| UPGRADING to +0 cloak.
  5403 | D:6      | 5403 ||| UPGRADING to +2 leather armour of cold resistance.
  5413 | D:6      | 5413 ||| DROPPING +0 ring mail.
  5627 | D:7      | Reached skill level 6 in Dodging
  5640 | D:7      | Found an iron altar of Okawaru.
  5641 | D:7      | 5641 ||| PLANNING OKAWARU WORSHIP
  5643 | D:7      | Became a worshipper of Warmaster Okawaru
  5644 | D:7      | 5644 ||| PLANNING D:1-11
  5669 | D:7      | Noticed Duvessa
  5672 | D:7      | Killed Duvessa
  5677 | D:7      | Noticed Dowan
  5680 | D:7      | Killed Dowan
  5779 | D:7      | Found a glowing silver altar of Zin.
  5827 | D:7      | Reached skill level 12 in Ranged Weapons
  5858 | D:7      | Reached * piety under Okawaru
  5860 | D:7      | Found a blossoming altar of Fedhas.
  5970 | D:8      | 5970 ||| INVOKING Heroism.
  5971 | D:8      | 5971 ||| STAIRDANCE
  6075 | D:8      | Paralysed by a hornet for 1 turns
  6076 | D:8      | 6076 ||| STAIRDANCE
  6080 | D:7      | 6080 ||| INVOKING Heroism.
  6086 | D:7      | Reached skill level 8 in Fighting
  6105 | D:8      | 6105 ||| INVOKING Heroism.
  6112 | D:8      | 6112 ||| STAIRDANCE
  6114 | D:8      | 6114 ||| STAIRDANCE
  6119 | D:7      | 6119 ||| INVOKING Heroism.
  6122 | D:7      | Reached XP level 10. HP: 57/90 MP: 7/10
  6177 | D:8      | 6177 ||| READING scroll of enchant weapon.
  6177 | D:8      | 6177 ||| ENCHANTING +2 heavy orcbow.
  6288 | D:8      | 6288 ||| READING scroll of enchant armour.
  6288 | D:8      | 6288 ||| ENCHANTING +0 pair of boots.
  6329 | D:8      | 6329 ||| INVOKING Heroism.
  6359 | D:8      | Noticed a white ugly thing
  6368 | D:8      | 6368 ||| INVOKING Heroism.
  6370 | D:8      | Killed a white ugly thing
  6389 | D:8      | 6389 ||| INVOKING Heroism.
  6392 | D:8      | Noticed a two-headed ogre
  6404 | D:8      | Killed a two-headed ogre
  6405 | D:8      | Reached skill level 3 in Invocations
  6416 | D:8      | Noticed a manticore
  6417 | D:8      | 6417 ||| INVOKING Heroism.
  6420 | D:8      | Killed a manticore
  6420 | D:8      | Reached ** piety under Okawaru
  6450 | D:8      | Reached skill level 9 in Fighting
  6459 | D:8      | Noticed a four-headed hydra
  6460 | D:8      | 6460 ||| INVOKING Heroism.
  6465 | D:8      | Killed a four-headed hydra
  6494 | D:8      | Noticed a boulder beetle
  6495 | D:8      | 6495 ||| INVOKING Heroism.
  6515 | D:8      | 6515 ||| INVOKING Heroism.
  6518 | D:8      | Killed a boulder beetle
  6551 | D:8      | Reached XP level 11. HP: 97/97 MP: 13/13
  6564 | D:8      | Found a runed translucent door.
  6565 | D:8      | Noticed a centaur warrior
  6565 | D:8      | Found a runed translucent door.
  6565 | D:8      | Noticed a tengu warrior
  6566 | D:8      | Found a runed translucent door.
  6649 | D:8      | Noticed Maggie
  6653 | D:8      | Killed Maggie
  6655 | D:8      | Reached *** piety under Okawaru
  6664 | D:8      | Found a shadowy altar of Dithmenos.
  6665 | D:8      | 6665 ||| UPGRADING to +0 swamp dragon scales.
  6667 | D:8      | 6667 ||| UPGRADING to +0 swamp dragon scales.
  6675 | D:8      | 6675 ||| UPGRADING to +0 swamp dragon scales.
  6794 | D:8      | Noticed a centaur warrior
  6796 | D:8      | 6796 ||| INVOKING Heroism.
  6798 | D:8      | Killed a centaur warrior
  6856 | D:8      | 6856 ||| UPGRADING to +0 pair of gloves.
  6951 | D:8      | 6951 ||| READING scroll labelled HOUNES TENEEV.
  6952 | D:8      | 6952 ||| READING 2 scrolls of identify.
  6952 | D:8      | 6952 ||| IDENTIFYING smoky amethyst potion
  6953 | D:8      | 6953 ||| DROPPING potion of berserk rage.
  7009 | D:9      | 7009 ||| INVOKING Heroism.
  7016 | D:9      | Reached skill level 6 in Armour
  7076 | D:9      | 7076 ||| Stepping ~*~*~tactically~*~*~ (outnumbered).
  7078 | D:9      | 7078 ||| INVOKING Heroism.
  7100 | D:9      | 7100 ||| INVOKING Heroism.
  7106 | D:9      | 7106 ||| Stepping ~*~*~tactically~*~*~ (outnumbered).
  7108 | D:9      | 7108 ||| Stepping ~*~*~tactically~*~*~ (outnumbered).
  7116 | D:9      | 7116 ||| Stepping ~*~*~tactically~*~*~ (outnumbered).
  7119 | D:9      | Reached skill level 10 in Fighting
  7147 | D:9      | Found a staircase to the Orcish Mines.
  7167 | D:9      | 7167 ||| INVOKING Heroism.
  7225 | D:9      | Found a staircase to the Lair.
  7247 | D:9      | Reached skill level 15 in Ranged Weapons
  7277 | D:9      | Noticed Maurice
  7281 | D:9      | Killed Maurice
  7281 | D:9      | Reached **** piety under Okawaru
  7353 | D:9      | Identified the staff "Niniy" {rF+ rC+ Str+2 Dex+2 Fire
                  | Poison}
  7448 | D:9      | Found a runed translucent gate.
  7448 | D:9      | Noticed qw's ghost (novice GrHs)
  7458 | D:9      | Found a runed translucent gate.
  7458 | D:9      | Found a runed translucent gate.
  7486 | D:9      | Noticed Erica
  7494 | D:9      | Killed Erica
  7511 | D:9      | Found a basalt altar of Yredelemnul.
  7542 | D:9      | Noticed a two-headed ogre
  7543 | D:9      | 7543 ||| INVOKING Heroism.
  7546 | D:9      | Killed a two-headed ogre
  7564 | D:9      | 7564 ||| Stepping ~*~*~tactically~*~*~ (outnumbered).
  7566 | D:9      | 7566 ||| Stepping ~*~*~tactically~*~*~ (outnumbered).
  7733 | D:9      | Noticed a wizard
  7736 | D:9      | Killed a wizard
  7736 | D:9      | Received a gift from Okawaru
  7762 | D:9      | Noticed a large abomination
  7769 | D:9      | Reached ***** piety under Okawaru
  7771 | D:9      | 7771 ||| INVOKING Heroism.
  7773 | D:9      | Killed a large abomination
  7774 | D:9      | Reached skill level 6 in Invocations
  7774 | D:9      | Noticed a large abomination
  7779 | D:9      | HP: 14/99 [large abomination (12)]
  7780 | D:9      | 7780 ||| DRINKING 2 potions of heal wounds.
  7783 | D:9      | 7783 ||| DRINKING potion of heal wounds.
  7785 | D:9      | Killed a large abomination
  7786 | D:9      | Reached XP level 12. HP: 45/106 MP: 15/15
  7792 | D:9      | 7792 ||| FLEEEEING.
  7793 | D:9      | 7793 ||| FLEEEEING.
  7794 | D:9      | 7794 ||| FLEEEEING.
  7795 | D:9      | 7795 ||| FLEEEEING.
  7796 | D:9      | 7796 ||| FLEEEEING.
  7834 | D:9      | 7834 ||| FLEEEEING.
  7835 | D:9      | 7835 ||| FLEEEEING.
  7836 | D:9      | 7836 ||| FLEEEEING.
  8122 | D:9      | Identified the +1 cloak "Itzyhaco" {rElec rN+ Dex+2}
  8162 | D:9      | 8162 ||| PLANNING LAIR
  8162 | D:9      | 8162 ||| UPGRADING to +1 cloak "Itzyhaco" {rElec rN+
                  | Dex+2}.
  8172 | D:9      | 8172 ||| DROPPING +0 cloak.
  8173 | D:9      | 8173 ||| DROPPING ring of magical power.
  8174 | D:9      | 8174 ||| READING 3 scrolls of identify.
  8174 | D:9      | 8174 ||| IDENTIFYING fizzy clear potion
  8175 | D:9      | 8175 ||| READING 2 scrolls of identify.
  8175 | D:9      | 8175 ||| IDENTIFYING glowing white potion
  8220 | Lair:1   | Entered Level 1 of the Lair of Beasts
  8289 | Lair:1   | Noticed Sonja
  8290 | Lair:1   | 8290 ||| INVOKING Finesse.
  8291 | Lair:1   | 8291 ||| INVOKING Finesse.
  8303 | Lair:1   | Killed Sonja
  8394 | Lair:1   | 8394 ||| INVOKING Heroism.
  8433 | Lair:1   | 8433 ||| INVOKING Heroism.
  8434 | Lair:1   | Received a gift from Okawaru
  8470 | Lair:1   | 8470 ||| INVOKING Heroism.
  8531 | Lair:1   | 8531 ||| READING scroll of enchant weapon.
  8531 | Lair:1   | 8531 ||| ENCHANTING +3 heavy orcbow.
  8612 | Lair:1   | Noticed Amaemon
  8613 | Lair:1   | 8613 ||| INVOKING Heroism.
  8623 | Lair:1   | Killed Amaemon
  8722 | Lair:1   | Received a gift from Okawaru
  8724 | Lair:1   | 8724 ||| SWAPPING to +6 orcbow of draining.
  8725 | Lair:1   | 8725 ||| READING scroll of brand weapon.
  8725 | Lair:1   | 8725 ||| BRANDING +6 orcbow of draining.
  8725 | Lair:1   | Noticed Harold
  8726 | Lair:1   | 8726 ||| INVOKING Heroism.
  8743 | Lair:1   | Killed Harold
  8862 | Lair:1   | 8862 ||| DROPPING +4 heavy orcbow.
  8885 | Lair:1   | Noticed Joseph
  8887 | Lair:1   | 8887 ||| FLEEEEING.
  8898 | Lair:1   | Killed Joseph
  9197 | Lair:2   | 9197 ||| PLANNING GAUNTLET
  9279 | Lair:2   | Identified the +4 flail of the Lair of Beasts {heavy, rC-
                  | Dex+5}
  9295 | Lair:2   | Found a gate leading to a gauntlet.
  9301 | Lair:2   | 9301 ||| INVOKING Heroism.
  9316 | Gauntlet | Entered a Gauntlet
  9316 | Gauntlet | Found a runed translucent gate.
  9316 | Gauntlet | Found a transporter.
  9316 | Gauntlet | Found a runed translucent gate.
  9316 | Gauntlet | Found a runed translucent gate.
  9323 | Gauntlet | Found a transporter.
  9325 | Gauntlet | Found a transporter.
  9336 | Gauntlet | Found a transporter.
  9339 | Gauntlet | Found a transporter.
  9341 | Gauntlet | Noticed a catoblepas
  9343 | Gauntlet | Found the +3 pair of seven-league boots {Rampage+∞}
  9348 | Gauntlet | Found a transporter.
  9362 | Gauntlet | Noticed a death yak
  9365 | Gauntlet | Found a transporter.
  9377 | Gauntlet | Noticed a death yak
  9378 | Gauntlet | Noticed a death yak
  9379 | Gauntlet | Found a transporter.
  9386 | Gauntlet | Found a transporter.
  9398 | Gauntlet | Found a transporter.
  9398 | Gauntlet | Found a transporter.
  9400 | Gauntlet | Found a transporter.
  9413 | Gauntlet | Noticed a death yak
  9416 | Gauntlet | Found a transporter.
  9438 | Gauntlet | Found a transporter.
  9516 | Gauntlet | Reached skill level 9 in Dodging
  9522 | Gauntlet | 9522 ||| INVOKING Heroism.
  9525 | Gauntlet | Reached skill level 9 in Invocations
  9599 | Gauntlet | 9599 ||| UPGRADING to +3 pair of seven-league boots
                  | {Rampage+∞}.
  9609 | Gauntlet | 9609 ||| DROPPING +1 pair of boots.
  9619 | Gauntlet | 9619 ||| INVOKING Heroism.
  9625 | Gauntlet | Killed a death yak
  9635 | Gauntlet | Killed a death yak
  9639 | Gauntlet | Killed a death yak
  9643 | Gauntlet | Killed a death yak
  9644 | Gauntlet | Reached skill level 11 in Fighting
  9662 | Gauntlet | Identified the +0 trident "Emoepnal" {distort, Int+2}
  9668 | Gauntlet | Identified the +5 hat of Weankeim {rF+ Str+4}
  9670 | Gauntlet | 9670 ||| UPGRADING to +5 hat of Weankeim {rF+ Str+4}.
  9687 | Gauntlet | Identified the +0 war axe of Death's Door {protect, rC+}
  9687 | Gauntlet | Noticed a minotaur
  9688 | Gauntlet | 9688 ||| INVOKING Heroism.
  9692 | Gauntlet | Killed a minotaur
  9693 | Gauntlet | Reached XP level 13. HP: 116/116 MP: 17/19
  9709 | Gauntlet | Identified the +0 scale mail of Eternal Night {Harm rElec
                  | MP+9}
  9762 | Lair:2   | 9762 ||| PLANNING LAIR
  9764 | Lair:2   | 9764 ||| INVOKING Heroism.
  9876 | Lair:2   | Found a staircase to the Shoals.
  9937 | Lair:2   | 9937 ||| INVOKING Heroism.
 10235 | Lair:2   | 10235 ||| INVOKING Heroism.
 10329 | Lair:2   | 10329 ||| READING 3 scrolls of identify.
 10329 | Lair:2   | 10329 ||| IDENTIFYING fuming yellow potion
 10330 | Lair:2   | 10330 ||| DROPPING potion of lignification.
 10523 | Lair:3   | Found a runed translucent gate.
 10524 | Lair:3   | Found a runed translucent gate.
 10532 | Lair:3   | Found a runed translucent gate.
 10535 | Lair:3   | Found a viscous altar of Jiyva.
 10535 | Lair:3   | Noticed qw's ghost (journeyman MiHs)
 10591 | Lair:3   | Identified the +1 ring mail of the Blessed Realm {Rampage
                  | SInv Stlth+} (Okawaru gifted it to you on level 3 of the
                  | Lair of Beasts)
 10591 | Lair:3   | Received a gift from Okawaru
 10679 | Lair:3   | 10679 ||| INVOKING Heroism.
 10708 | Lair:3   | Reached skill level 12 in Fighting
 10713 | Lair:3   | Found a staircase to the Snake Pit.
 10716 | Lair:3   | 10716 ||| Stepping ~*~*~tactically~*~*~ (outnumbered).
 10781 | Lair:3   | 10781 ||| FLEEEEING.
 10782 | Lair:3   | 10782 ||| FLEEEEING.
 10783 | Lair:3   | 10783 ||| FLEEEEING.
 10784 | Lair:3   | 10784 ||| FLEEEEING.
 10785 | Lair:3   | 10785 ||| FLEEEEING.
 10786 | Lair:3   | 10786 ||| FLEEEEING.
 10787 | Lair:3   | 10787 ||| FLEEEEING.
 10788 | Lair:3   | 10788 ||| FLEEEEING.
 10789 | Lair:3   | 10789 ||| FLEEEEING.
 10790 | Lair:3   | 10790 ||| FLEEEEING.
 10791 | Lair:3   | 10791 ||| FLEEEEING.
 10792 | Lair:3   | 10792 ||| FLEEEEING.
 10793 | Lair:3   | 10793 ||| FLEEEEING.
 10794 | Lair:3   | 10794 ||| FLEEEEING.
 11120 | Lair:3   | 11120 ||| READING 3 scrolls of identify.
 11120 | Lair:3   | 11120 ||| IDENTIFYING purple potion
 11121 | Lair:3   | 11121 ||| READING 2 scrolls of identify.
 11121 | Lair:3   | 11121 ||| IDENTIFYING yellow potion
 11122 | Lair:3   | 11122 ||| DROPPING potion of invisibility.
 11139 | Lair:4   | Found a staircase to the Slime Pits.
 11139 | Lair:4   | Found a viscous altar of Jiyva.
 11159 | Lair:4   | Reached skill level 9 in Armour
 11240 | Lair:4   | 11240 ||| INVOKING Heroism.
 11358 | Lair:4   | 11358 ||| INVOKING Heroism.
 11386 | Lair:4   | 11386 ||| INVOKING Heroism.
 11389 | Lair:4   | Reached skill level 13 in Fighting
 11436 | Lair:4   | 11436 ||| INVOKING Heroism.
 12045 | Lair:4   | 12045 ||| READING 2 scrolls labelled YTHRER BYMM.
 12046 | Lair:4   | 12046 ||| DROPPING scroll of fear.
 12066 | Lair:5   | Entered Level 5 of the Lair of Beasts
 12071 | Lair:5   | 12071 ||| INVOKING Heroism.
 12115 | Lair:5   | 12115 ||| INVOKING Heroism.
 12165 | Lair:5   | 12165 ||| INVOKING Heroism.
 12175 | Lair:5   | 12175 ||| INVOKING Finesse.
 12186 | Lair:5   | Reached XP level 14. HP: 119/130 MP: 14/20
 12189 | Lair:5   | Reached skill level 14 in Fighting
 12286 | Lair:5   | Reached skill level 12 in Dodging
 12288 | Lair:5   | Found a runed translucent door.
 12474 | Lair:5   | 12474 ||| INVOKING Heroism.
 12475 | Lair:5   | 12475 ||| INVOKING Finesse.
 12479 | Lair:5   | 12479 ||| Stepping ~*~*~tactically~*~*~ (cloud).
 12485 | Lair:5   | 12485 ||| Stepping ~*~*~tactically~*~*~ (cloud).
 12525 | Lair:5   | 12525 ||| INVOKING Heroism.
 12526 | Lair:5   | 12526 ||| INVOKING Finesse.
 12591 | Lair:5   | 12591 ||| INVOKING Heroism.
 12595 | Lair:5   | Reached skill level 15 in Fighting
 12626 | Lair:5   | 12626 ||| INVOKING Finesse.
 12632 | Lair:5   | 12632 ||| INVOKING Heroism.
 12636 | Lair:5   | Received a gift from Okawaru
 12687 | Lair:5   | 12687 ||| INVOKING Heroism.
 12689 | Lair:5   | 12689 ||| INVOKING Finesse.
 12713 | Lair:5   | Received a gift from Okawaru
 12768 | Lair:5   | 12768 ||| INVOKING Heroism.
 12769 | Lair:5   | 12769 ||| Stepping ~*~*~tactically~*~*~ (cloud).
 12775 | Lair:5   | 12775 ||| DRINKING potion of cancellation.
 12786 | Lair:5   | 12786 ||| INVOKING Heroism.
 12789 | Lair:5   | 12789 ||| Stepping ~*~*~tactically~*~*~ (cloud).
 12814 | Lair:5   | 12814 ||| READING scroll of enchant weapon.
 12814 | Lair:5   | 12814 ||| ENCHANTING +6 heavy orcbow.
 12899 | Lair:5   | 12899 ||| INVOKING Heroism.
 13356 | Lair:5   | 13356 ||| PLANNING D:1-11
 13471 | D:10     | Entered Level 10 of the Dungeon
 13827 | D:10     | Reached skill level 16 in Fighting
 13874 | D:10     | Found a glowing golden altar of the Shining One.
 13992 | D:10     | 13992 ||| DROPPING +3 ring mail of positive energy.
 13993 | D:10     | 13993 ||| DROPPING +2 leather armour of cold resistance.
 14063 | D:11     | 14063 ||| INVOKING Heroism.
 14068 | D:11     | 14068 ||| Stepping ~*~*~tactically~*~*~ (outnumbered).
 14095 | D:11     | 14095 ||| INVOKING Heroism.
 14121 | D:11     | 14121 ||| INVOKING Heroism.
 14252 | D:11     | Found Utiso's Weapon Boutique.
 14257 | D:11     | 14257 ||| Stepping randomly (disturbance).
 14601 | D:11     | 14601 ||| PLANNING D
 14680 | D:12     | Noticed Psyche
 14686 | D:12     | Killed Psyche
 14752 | D:12     | Reached skill level 17 in Fighting
 14752 | D:12     | Reached XP level 15. HP: 147/147 MP: 21/21
 14763 | D:12     | Received a gift from Okawaru
 14765 | D:12     | 14765 ||| SWAPPING to +2 antimagic longbow.
 14766 | D:12     | 14766 ||| DROPPING +7 heavy orcbow.
 14790 | D:12     | 14790 ||| Stepping randomly (disturbance).
 14791 | D:12     | 14791 ||| Stepping randomly (disturbance).
 14792 | D:12     | 14792 ||| Stepping randomly (disturbance).
 14865 | D:12     | 14865 ||| READING 5 scrolls of teleportation.
 14866 | D:12     | 14866 ||| FLEEEEING.
 14867 | D:12     | 14867 ||| INVOKING Heroism.
 14869 | D:12     | Noticed Fannar
 14877 | D:12     | Killed Fannar
 15183 | D:12     | 15183 ||| INVOKING Heroism.
 15283 | D:12     | 15283 ||| DROPPING amulet of the acrobat.
 15284 | D:12     | 15284 ||| READING 9 scrolls of identify.
 15284 | D:12     | 15284 ||| IDENTIFYING metallic green potion
 15285 | D:12     | 15285 ||| DROPPING potion of attraction.
 15408 | D:13     | 15408 ||| Stepping ~*~*~tactically~*~*~ (outnumbered).
 15410 | D:13     | 15410 ||| Stepping ~*~*~tactically~*~*~ (outnumbered).
 15418 | D:13     | 15418 ||| Stepping ~*~*~tactically~*~*~ (outnumbered).
 15422 | D:13     | 15422 ||| Stepping ~*~*~tactically~*~*~ (outnumbered).
 15455 | D:13     | Identified a scroll of acquirement
 15458 | D:13     | 15458 ||| READING scroll of acquirement.
 15458 | D:13     | 15458 ||| ACQUIRING 597 gold pieces
 15458 | D:13     | Acquired 597 gold pieces
 15469 | D:13     | Found a portal to a secret trove of treasure.
 15760 | D:13     | 15760 ||| DROPPING +1 robe of positive energy.
 15761 | D:13     | 15761 ||| UPGRADING to amulet of faith.
 15783 | D:14     | 15783 ||| INVOKING Heroism.
 15863 | D:14     | Noticed Roxanne
 15864 | D:14     | 15864 ||| INVOKING Heroism.
 15882 | D:14     | Killed Roxanne
 15961 | D:14     | 15961 ||| INVOKING Heroism.
 16019 | D:14     | Found Cidun's Magic Scroll Boutique.
 16028 | D:14     | 16028 ||| BUYING scroll of brand weapon (142 gold).
 16028 | D:14     | Bought a scroll of brand weapon for 142 gold pieces
 16028 | D:14     | 16028 ||| BUYING scroll of enchant armour (112 gold).
 16028 | D:14     | Bought a scroll of enchant armour for 112 gold pieces
 16028 | D:14     | 16028 ||| READING scroll of brand weapon.
 16028 | D:14     | 16028 ||| BRANDING +2 antimagic longbow.
 16110 | D:14     | 16110 ||| READING scroll of enchant armour.
 16110 | D:14     | 16110 ||| ENCHANTING +0 swamp dragon scales.
 16316 | D:14     | Reached skill level 18 in Ranged Weapons
 16329 | D:14     | Identified the +0 hat "Qaghov" {rPois} (Okawaru gifted it
                  | to you on level 14 of the Dungeon)
 16329 | D:14     | Received a gift from Okawaru
 16337 | D:14     | 16337 ||| Stepping ~*~*~tactically~*~*~ (outnumbered).
 16340 | D:14     | 16340 ||| Stepping ~*~*~tactically~*~*~ (outnumbered).
 16345 | D:14     | 16345 ||| FLEEEEING.
 16346 | D:14     | 16346 ||| FLEEEEING.
 16347 | D:14     | 16347 ||| FLEEEEING.
 16348 | D:14     | 16348 ||| FLEEEEING.
 16349 | D:14     | 16349 ||| FLEEEEING.
 16350 | D:14     | 16350 ||| STAIRDANCE
 16478 | D:13     | 16478 ||| DROPPING ring of resist corrosion.
 16513 | D:14     | Found a gate to the Vaults.
 16541 | D:14     | Noticed Louise
 16542 | D:14     | 16542 ||| INVOKING Heroism.
 16543 | D:14     | 16543 ||| INVOKING Finesse.
 16551 | D:14     | Killed Louise
 16588 | D:14     | Found a broken altar of Ashenzari.
 16831 | D:14     | 16831 ||| DROPPING +0 hat "Qaghov" {rPois}.
 16845 | D:15     | Entered Level 15 of the Dungeon
 16925 | D:15     | 16925 ||| INVOKING Heroism.
 17007 | D:15     | 17007 ||| READING scroll of enchant armour.
 17007 | D:15     | 17007 ||| ENCHANTING +1 swamp dragon scales.
 17030 | D:15     | 17030 ||| INVOKING Heroism.
 17095 | D:15     | Found a staircase to the Depths.
 17320 | D:15     | Found a white marble altar of Elyvilon.
 17428 | D:15     | 17428 ||| INVOKING Heroism.
 17824 | D:15     | 17824 ||| PLANNING ORC
 17962 | Orc:1    | Entered Level 1 of the Orcish Mines
 17963 | Orc:1    | 17963 ||| INVOKING Heroism.
 17996 | Orc:1    | Reached XP level 16. HP: 154/155 MP: 22/22
 18099 | Orc:2    | Entered Level 2 of the Orcish Mines
 18105 | Orc:1    | 18105 ||| INVOKING Heroism.
 18111 | Orc:1    | Paralysed by a floating eye for 3 turns
 18115 | Orc:1    | Paralysed by a floating eye for 2 turns
 18116 | Orc:1    | HP: 34/155 [hornet (11)]
 18117 | Orc:1    | 18117 ||| READING 5 scrolls of teleportation.
 18118 | Orc:1    | 18118 ||| DRINKING 4 potions of heal wounds.
 18120 | Orc:1    | Paralysed by something for 4 turns
 18121 | Orc:1    | Found Gablamy's General Store.
 18149 | Orc:1    | 18149 ||| INVOKING Heroism.
 18439 | Orc:1    | 18439 ||| INVOKING Heroism.
 18442 | Orc:1    | 18442 ||| Stepping ~*~*~tactically~*~*~ (outnumbered).
 18489 | Orc:1    | Noticed Gastronok
 18496 | Orc:1    | Killed Gastronok
 18798 | Orc:2    | 18798 ||| PLANNING SHOALS:1-3
 18914 | Shoals:1 | Entered Level 1 of the Shoals
 18925 | Shoals:1 | 18925 ||| Stepping ~*~*~tactically~*~*~ (water).
 18927 | Shoals:1 | 18927 ||| Stepping ~*~*~tactically~*~*~ (water).
 19055 | Shoals:1 | 19055 ||| Stepping ~*~*~tactically~*~*~ (water).
 19132 | Shoals:1 | 19132 ||| Stepping ~*~*~tactically~*~*~ (water).
 19143 | Shoals:1 | 19143 ||| Stepping ~*~*~tactically~*~*~ (outnumbered).
 19148 | Shoals:1 | Reached skill level 12 in Armour
 19185 | Shoals:1 | 19185 ||| Stepping ~*~*~tactically~*~*~ (water).
 19237 | Shoals:1 | 19237 ||| Stepping ~*~*~tactically~*~*~ (water).
 19275 | Shoals:1 | Found Luutoasa's Distillery.
 19281 | Shoals:1 | 19281 ||| BUYING potion of haste (150 gold).
 19281 | Shoals:1 | Bought a potion of haste for 150 gold pieces
 19281 | Shoals:1 | 19281 ||| BUYING potion of haste (150 gold).
 19281 | Shoals:1 | Bought a potion of haste for 150 gold pieces
 19484 | Shoals:1 | 19484 ||| Stepping ~*~*~tactically~*~*~ (cloud).
 19488 | Shoals:1 | 19488 ||| INVOKING Heroism.
 19491 | Shoals:1 | 19491 ||| Stepping ~*~*~tactically~*~*~ (cloud).
 19493 | Shoals:1 | 19493 ||| Stepping ~*~*~tactically~*~*~ (cloud).
 19503 | Shoals:1 | 19503 ||| INVOKING Heroism.
 19505 | Shoals:1 | Received a gift from Okawaru
 19507 | Shoals:1 | Reached skill level 15 in Dodging
 19536 | Shoals:1 | 19536 ||| Stepping ~*~*~tactically~*~*~ (water).
 19542 | Shoals:1 | 19542 ||| INVOKING Heroism.
 19708 | Shoals:1 | Found a runed translucent door.
 19781 | Shoals:1 | 19781 ||| INVOKING Heroism.
 19824 | Shoals:1 | Found a corrupted altar of Lugonu.
 19824 | Shoals:1 | Found a one-way gate to the infinite horrors of the Abyss.
 20001 | Shoals:2 | 20001 ||| Stepping ~*~*~tactically~*~*~ (water).
 20057 | Shoals:2 | 20057 ||| INVOKING Heroism.
 20060 | Shoals:2 | 20060 ||| Stepping ~*~*~tactically~*~*~ (water).
 20062 | Shoals:2 | 20062 ||| Stepping ~*~*~tactically~*~*~ (water).
 20063 | Shoals:2 | 20063 ||| Stepping ~*~*~tactically~*~*~ (water).
 20064 | Shoals:2 | 20064 ||| Stepping ~*~*~tactically~*~*~ (water).
 20068 | Shoals:2 | Received a gift from Okawaru
 20069 | Shoals:2 | HP: 22/155 [water nymph/the raging water (18)]
 20069 | Shoals:2 | HP: 5/155 [manticore (17)]
 20070 | Shoals:2 | 20070 ||| READING 4 scrolls of teleportation.
 20071 | Shoals:2 | 20071 ||| DRINKING 4 potions of heal wounds.
 20072 | Shoals:2 | 20072 ||| DRINKING 3 potions of heal wounds.
 20075 | Shoals:2 | 20075 ||| INVOKING Heroism.
 20077 | Shoals:2 | 20077 ||| Stepping ~*~*~tactically~*~*~ (water).
 20078 | Shoals:2 | 20078 ||| Stepping ~*~*~tactically~*~*~ (water).
 20079 | Shoals:2 | 20079 ||| Stepping ~*~*~tactically~*~*~ (water).
 20086 | Shoals:2 | 20086 ||| INVOKING Heroism.
 20141 | Shoals:2 | 20141 ||| INVOKING Heroism.
 20335 | Shoals:2 | 20335 ||| Stepping ~*~*~tactically~*~*~ (water).
 20339 | Shoals:2 | 20339 ||| INVOKING Heroism.
 20340 | Shoals:2 | 20340 ||| Stepping ~*~*~tactically~*~*~ (water).
 20560 | Shoals:2 | Received a gift from Okawaru
 20561 | Shoals:2 | Reached skill level 18 in Fighting
 20987 | Shoals:3 | 20987 ||| INVOKING Heroism.
 20988 | Shoals:3 | 20988 ||| INVOKING Finesse.
 20989 | Shoals:3 | 20989 ||| Stepping ~*~*~tactically~*~*~ (outnumbered).
 20990 | Shoals:3 | 20990 ||| Stepping ~*~*~tactically~*~*~ (outnumbered).
 21005 | Shoals:3 | 21005 ||| Stepping ~*~*~tactically~*~*~ (outnumbered).
 21035 | Shoals:3 | 21035 ||| INVOKING Heroism.
 21175 | Shoals:3 | 21175 ||| INVOKING Heroism.
 21200 | Shoals:3 | 21200 ||| READING scroll of enchant weapon.
 21200 | Shoals:3 | 21200 ||| ENCHANTING +2 heavy longbow.
 21238 | Shoals:3 | 21238 ||| Stepping ~*~*~tactically~*~*~ (outnumbered).
 21246 | Shoals:3 | 21246 ||| INVOKING Heroism.
 21255 | Shoals:3 | Received a gift from Okawaru
 21398 | Shoals:3 | Found a runed translucent door.
 21398 | Shoals:3 | Noticed qw's ghost (adept MiHs)
 21412 | Shoals:3 | 21412 ||| INVOKING Heroism.
 21466 | Shoals:3 | 21466 ||| Stepping ~*~*~tactically~*~*~ (water).
 21559 | Shoals:3 | Noticed Mlioglotl
 21560 | Shoals:3 | 21560 ||| INVOKING Heroism.
 21561 | Shoals:3 | 21561 ||| INVOKING Finesse.
 21573 | Shoals:3 | Killed Mlioglotl
 21578 | Shoals:3 | Noticed Ilsuiw
 21588 | Shoals:3 | Killed Ilsuiw
 21620 | Shoals:3 | Reached XP level 17. HP: 135/163 MP: 23/23
 21855 | Shoals:3 | 21855 ||| PLANNING SNAKE:1-3
 21855 | Shoals:3 | 21855 ||| UPGRADING to +2 pair of gloves of hurling.
 21865 | Shoals:3 | 21865 ||| DROPPING +0 pair of gloves.
 22030 | Snake:1  | Entered Level 1 of the Snake Pit
 22034 | Snake:1  | 22034 ||| STAIRDANCE
 22113 | Snake:1  | 22113 ||| STAIRDANCE
 22250 | Snake:1  | 22250 ||| STAIRDANCE
 22379 | Snake:1  | 22379 ||| Stepping ~*~*~tactically~*~*~ (outnumbered).
 22387 | Snake:1  | 22387 ||| INVOKING Heroism.
 22915 | Snake:1  | Found Lueb's Weapon Shop.
 22922 | Snake:1  | Found Qiowum Coymp's Assorted Antiques.
 22928 | Snake:1  | 22928 ||| BUYING potion of might (96 gold).
 22928 | Snake:1  | Bought a potion of might for 96 gold pieces
 22928 | Snake:1  | 22928 ||| BUYING scroll of brand weapon (228 gold).
 22928 | Snake:1  | Bought a scroll of brand weapon for 228 gold pieces
 22940 | Snake:1  | Noticed Frances
 22941 | Snake:1  | 22941 ||| INVOKING Heroism.
 22944 | Snake:1  | 22944 ||| Stepping ~*~*~tactically~*~*~ (outnumbered).
 22947 | Snake:1  | Killed Frances
 22948 | Snake:1  | Reached skill level 19 in Fighting
 23059 | Snake:1  | 23059 ||| Stepping ~*~*~tactically~*~*~ (outnumbered).
 23061 | Snake:1  | 23061 ||| Stepping ~*~*~tactically~*~*~ (outnumbered).
 23063 | Snake:1  | 23063 ||| Stepping ~*~*~tactically~*~*~ (outnumbered).
 23066 | Snake:1  | 23066 ||| Stepping ~*~*~tactically~*~*~ (outnumbered).
 23069 | Snake:1  | 23069 ||| Stepping ~*~*~tactically~*~*~ (outnumbered).
 23175 | Snake:1  | 23175 ||| INVOKING Heroism.
 23837 | Snake:2  | 23837 ||| READING scroll of enchant weapon.
 23837 | Snake:2  | 23837 ||| ENCHANTING +3 heavy longbow.
 23958 | Snake:2  | 23958 ||| INVOKING Heroism.
 23991 | Snake:2  | Identified the +0 pair of gloves of the Past {Rampage rPois
                  | rC+ Dex+4} (Okawaru gifted it to you on level 2 of the
                  | Snake Pit)
 23991 | Snake:2  | Received a gift from Okawaru
 24013 | Snake:2  | Found a bloodstained altar of Trog.
 24019 | Snake:2  | 24019 ||| INVOKING Heroism.
 24026 | Snake:2  | 24026 ||| Stepping ~*~*~tactically~*~*~ (outnumbered).
 24031 | Snake:2  | 24031 ||| Stepping ~*~*~tactically~*~*~ (outnumbered).
 24033 | Snake:2  | 24033 ||| Stepping ~*~*~tactically~*~*~ (outnumbered).
 24037 | Snake:2  | 24037 ||| Stepping ~*~*~tactically~*~*~ (outnumbered).
 24249 | Snake:2  | 24249 ||| UPGRADING to +0 pair of gloves of the Past
                  | {Rampage rPois rC+ Dex+4}.
 24259 | Snake:2  | 24259 ||| UPGRADING to +1 ring mail of the Blessed Realm
                  | {Rampage SInv Stlth+}.
 24269 | Snake:2  | 24269 ||| DROPPING +2 pair of gloves of hurling.
 24352 | Snake:3  | 24352 ||| Stepping ~*~*~tactically~*~*~ (outnumbered).
 24428 | Snake:3  | 24428 ||| INVOKING Heroism.
 24499 | Snake:3  | 24499 ||| Stepping ~*~*~tactically~*~*~ (outnumbered).
 24501 | Snake:3  | 24501 ||| Stepping ~*~*~tactically~*~*~ (outnumbered).
 24503 | Snake:3  | 24503 ||| Stepping ~*~*~tactically~*~*~ (outnumbered).
 24505 | Snake:3  | 24505 ||| INVOKING Heroism.
 25210 | Snake:3  | 25210 ||| PLANNING SHOALS:4
 25409 | Shoals:4 | Entered Level 4 of the Shoals
 25410 | Shoals:4 | 25410 ||| INVOKING Heroism.
 25439 | Shoals:4 | 25439 ||| Stepping ~*~*~tactically~*~*~ (outnumbered).
 25445 | Shoals:4 | Identified the +9 orcbow of the Shrinking Gods {speed,
                  | Dex+4}
 25448 | Shoals:4 | 25448 ||| Stepping ~*~*~tactically~*~*~ (outnumbered).
 25450 | Shoals:4 | 25450 ||| Stepping ~*~*~tactically~*~*~ (outnumbered).
 25464 | Shoals:4 | 25464 ||| SWAPPING to +9 orcbow of the Shrinking Gods
                  | {speed, Dex+4}.
 25465 | Shoals:4 | 25465 ||| DROPPING +4 heavy longbow.
 25513 | Shoals:4 | 25513 ||| INVOKING Heroism.
 25516 | Shoals:4 | Reached skill level 18 in Dodging
 25589 | Shoals:4 | 25589 ||| INVOKING Heroism.
 25696 | Shoals:4 | Found a white marble altar of Elyvilon.
 25730 | Shoals:4 | 25730 ||| Stepping ~*~*~tactically~*~*~ (water).
 25732 | Shoals:4 | 25732 ||| Stepping ~*~*~tactically~*~*~ (water).
 25734 | Shoals:4 | 25734 ||| Stepping ~*~*~tactically~*~*~ (water).
 25736 | Shoals:4 | 25736 ||| Stepping ~*~*~tactically~*~*~ (water).
 25738 | Shoals:4 | 25738 ||| Stepping ~*~*~tactically~*~*~ (water).
 25740 | Shoals:4 | 25740 ||| Stepping ~*~*~tactically~*~*~ (water).
 25742 | Shoals:4 | 25742 ||| Stepping ~*~*~tactically~*~*~ (water).
 25744 | Shoals:4 | 25744 ||| Stepping ~*~*~tactically~*~*~ (water).
 25746 | Shoals:4 | 25746 ||| Stepping ~*~*~tactically~*~*~ (water).
 25748 | Shoals:4 | 25748 ||| Stepping ~*~*~tactically~*~*~ (water).
 25750 | Shoals:4 | 25750 ||| Stepping ~*~*~tactically~*~*~ (water).
 25752 | Shoals:4 | 25752 ||| Stepping ~*~*~tactically~*~*~ (water).
 25922 | Shoals:4 | 25922 ||| INVOKING Heroism.
 25958 | Shoals:4 | 25958 ||| INVOKING Heroism.
 25959 | Shoals:4 | 25959 ||| Stepping ~*~*~tactically~*~*~ (water).
 25972 | Shoals:4 | 25972 ||| Stepping ~*~*~tactically~*~*~ (water).
 25991 | Shoals:4 | Identified the +0 pair of gloves of the Salmon {rF- Will+
                  | Int+5 Dex-2}
 26056 | Shoals:4 | 26056 ||| INVOKING Heroism.
 26106 | Shoals:4 | Got a barnacled rune of Zot
 26149 | Shoals:4 | Identified the ring "Morat" {rElec rPois Dex+2}
 26307 | Shoals:4 | 26307 ||| PLANNING VAULTS:1-4
 26307 | Shoals:4 | 26307 ||| DROPPING +0 pair of gloves of the Salmon {rF-
                  | Will+ Int+5 Dex-2}.
 26576 | Vaults:1 | Entered Level 1 of the Vaults
 26589 | Vaults:1 | 26589 ||| INVOKING Finesse.
 26666 | Vaults:1 | Reached XP level 18. HP: 176/176 MP: 24/24
 26714 | Vaults:1 | 26714 ||| INVOKING Heroism.
 26752 | Vaults:1 | 26752 ||| INVOKING Heroism.
 26757 | Vaults:1 | Reached skill level 20 in Fighting
 26765 | Vaults:1 | Identified the scarf of Sloth {rC+ rF+, Drain Fly Int+4}
                  | (Okawaru gifted it to you on level 1 of the Vaults)
 26765 | Vaults:1 | Received a gift from Okawaru
 27003 | Vaults:1 | Noticed Saint Roka
 27004 | Vaults:1 | 27004 ||| INVOKING Heroism.
 27005 | Vaults:1 | 27005 ||| INVOKING Finesse.
 27008 | Vaults:1 | 27008 ||| Stepping ~*~*~tactically~*~*~ (outnumbered).
 27035 | Vaults:1 | Killed Saint Roka
 27178 | Vaults:1 | 27178 ||| FLEEEEING.
 27179 | Vaults:1 | 27179 ||| FLEEEEING.
 27185 | Vaults:1 | 27185 ||| FLEEEEING.
 27186 | Vaults:1 | 27186 ||| FLEEEEING.
 27187 | Vaults:1 | 27187 ||| FLEEEEING.
 27192 | Vaults:1 | 27192 ||| FLEEEEING.
 27193 | Vaults:1 | 27193 ||| FLEEEEING.
 27194 | Vaults:1 | 27194 ||| FLEEEEING.
 27195 | Vaults:1 | 27195 ||| FLEEEEING.
 27196 | Vaults:1 | 27196 ||| FLEEEEING.
 27197 | Vaults:1 | 27197 ||| FLEEEEING.
 27198 | Vaults:1 | 27198 ||| FLEEEEING.
 27259 | Vaults:1 | Paralysed by a great orb of eyes for 5 turns
 27269 | Vaults:1 | 27269 ||| INVOKING Heroism.
 27783 | Vaults:1 | Identified the +9 arbalest of the Freezing Gods {freeze,
                  | rElec Dex+3 Stlth+} (Okawaru gifted it to you on level 1 of
                  | the Vaults)
 27783 | Vaults:1 | Received a gift from Okawaru
 27793 | Vaults:1 | Reached skill level 21 in Fighting
 27818 | Vaults:1 | 27818 ||| Stepping ~*~*~tactically~*~*~ (outnumbered).
 27820 | Vaults:1 | 27820 ||| Stepping ~*~*~tactically~*~*~ (outnumbered).
 27822 | Vaults:1 | 27822 ||| Stepping ~*~*~tactically~*~*~ (outnumbered).
 28055 | Vaults:1 | 28055 ||| FLEEEEING.
 28056 | Vaults:1 | 28056 ||| FLEEEEING.
 28057 | Vaults:1 | 28057 ||| FLEEEEING.
 28058 | Vaults:1 | 28058 ||| FLEEEEING.
 28059 | Vaults:1 | 28059 ||| FLEEEEING.
 28060 | Vaults:1 | 28060 ||| FLEEEEING.
 28061 | Vaults:1 | 28061 ||| FLEEEEING.
 28062 | Vaults:1 | 28062 ||| FLEEEEING.
 28063 | Vaults:1 | 28063 ||| FLEEEEING.
 28193 | Vaults:1 | 28193 ||| UPGRADING to scarf of Sloth {rC+ rF+, Drain Fly
                  | Int+4}.
 28195 | Vaults:1 | 28195 ||| UPGRADING to scarf of Sloth {rC+ rF+, Drain Fly
                  | Int+4}.
 28435 | Vaults:1 | 28435 ||| Stepping ~*~*~tactically~*~*~ (outnumbered).
 28442 | Vaults:1 | 28442 ||| Stepping ~*~*~tactically~*~*~ (outnumbered).
 28513 | Vaults:1 | 28513 ||| READING scroll of acquirement.
 28513 | Vaults:1 | 28513 ||| ACQUIRING amulet "Baacuph" {Reflect Fragile
                  | Will++ Slay+3 SH+5}
 28513 | Vaults:1 | Acquired the amulet "Baacuph" {Reflect Fragile Will++
                  | Slay+3 SH+5}
 28515 | Vaults:1 | 28515 ||| DROPPING amulet of regeneration.
 28674 | Vaults:2 | 28674 ||| PLANNING DESOLATION
 28705 | Vaults:2 | Reached skill level 21 in Dodging
 28706 | Vaults:2 | Received a gift from Okawaru
 28898 | Vaults:2 | 28898 ||| DRINKING 6 potions of resistance.
 28921 | Vaults:2 | Reached XP level 19. HP: 174/190 MP: 25/25
 28970 | Vaults:2 | 28970 ||| Stepping ~*~*~tactically~*~*~ (outnumbered).
 28985 | Vaults:2 | 28985 ||| Stepping ~*~*~tactically~*~*~ (outnumbered).
 28987 | Vaults:2 | 28987 ||| Stepping ~*~*~tactically~*~*~ (outnumbered).
 28989 | Vaults:2 | 28989 ||| Stepping ~*~*~tactically~*~*~ (outnumbered).
 28992 | Vaults:2 | 28992 ||| Stepping ~*~*~tactically~*~*~ (outnumbered).
 29072 | Vaults:2 | 29072 ||| INVOKING Heroism.
 29103 | Vaults:2 | Reached skill level 22 in Fighting
 29217 | Vaults:2 | Identified the +0 chain mail of Perfidy {Str+6}
 29315 | Vaults:2 | Received a gift from Okawaru
 29321 | Vaults:2 | Reached ****** piety under Okawaru
 29421 | Vaults:2 | You are sucked into a shaft and drop 1 floor!
 29422 | Vaults:3 | 29422 ||| DROPPING scarf of resistance.
 29457 | Vaults:2 | 29457 ||| Stepping ~*~*~tactically~*~*~ (outnumbered).
 29459 | Vaults:2 | 29459 ||| Stepping ~*~*~tactically~*~*~ (outnumbered).
 29487 | Vaults:2 | 29487 ||| RIP DESOLATION
 29491 | Vaults:2 | 29491 ||| PLANNING VAULTS:1-4
 29530 | Vaults:2 | 29530 ||| FLEEEEING.
 29531 | Vaults:2 | 29531 ||| FLEEEEING.
 29532 | Vaults:2 | 29532 ||| FLEEEEING.
 29533 | Vaults:2 | 29533 ||| FLEEEEING.
 29534 | Vaults:2 | 29534 ||| FLEEEEING.
 29535 | Vaults:2 | 29535 ||| FLEEEEING.
 29536 | Vaults:2 | 29536 ||| FLEEEEING.
 29537 | Vaults:2 | 29537 ||| FLEEEEING.
 29538 | Vaults:2 | 29538 ||| FLEEEEING.
 29539 | Vaults:2 | 29539 ||| FLEEEEING.
 29540 | Vaults:2 | 29540 ||| FLEEEEING.
 29541 | Vaults:2 | 29541 ||| FLEEEEING.
 29542 | Vaults:2 | 29542 ||| FLEEEEING.
 29543 | Vaults:2 | 29543 ||| FLEEEEING.
 29544 | Vaults:2 | 29544 ||| FLEEEEING.
 29545 | Vaults:2 | 29545 ||| FLEEEEING.
 29546 | Vaults:2 | 29546 ||| FLEEEEING.
 29560 | Vaults:2 | 29560 ||| DRINKING 5 potions of resistance.
 30623 | Vaults:3 | 30623 ||| FLEEEEING.
 30629 | Vaults:3 | 30629 ||| FLEEEEING.
 30631 | Vaults:3 | 30631 ||| STAIRDANCE
 30947 | Vaults:3 | 30947 ||| FLEEEEING.
 30948 | Vaults:3 | 30948 ||| FLEEEEING.
 30949 | Vaults:3 | 30949 ||| FLEEEEING.
 30950 | Vaults:3 | 30950 ||| FLEEEEING.
 30951 | Vaults:3 | 30951 ||| FLEEEEING.
 30957 | Vaults:3 | 30957 ||| FLEEEEING.
 30958 | Vaults:3 | 30958 ||| FLEEEEING.
 30959 | Vaults:3 | 30959 ||| FLEEEEING.
 31260 | Vaults:3 | Received a gift from Okawaru
 31314 | Vaults:3 | Reached skill level 23 in Fighting
 31330 | Vaults:3 | 31330 ||| DRINKING 4 potions of resistance.
 31404 | Vaults:3 | 31404 ||| INVOKING Heroism.
 31415 | Vaults:3 | 31415 ||| Stepping ~*~*~tactically~*~*~ (outnumbered).
 31534 | Vaults:3 | 31534 ||| DRINKING 6 potions of curing.
 31534 | Vaults:3 | 31534 ||| (to cure confusion)
 31584 | Vaults:3 | Identified the +5 halberd of the Feeding Gods {distort,
                  | Will+ MP-9 Str+5}
 31644 | Vaults:3 | 31644 ||| DRINKING 3 potions of resistance.
 31874 | Vaults:3 | Noticed a bone dragon
 31900 | Vaults:3 | Killed a bone dragon
 31990 | Vaults:3 | Found a staircase to the Crypt.
 32082 | Vaults:3 | Received a gift from Okawaru
 32103 | Vaults:3 | Reached skill level 24 in Fighting
 32123 | Vaults:3 | 32123 ||| DROPPING +1 longbow of flaming.
 32523 | Vaults:3 | 32523 ||| READING 21 scrolls of identify.
 32523 | Vaults:3 | 32523 ||| IDENTIFYING metallic ruby potion
 32524 | Vaults:3 | 32524 ||| DROPPING potion of degeneration.
 32658 | Vaults:4 | Reached XP level 20. HP: 206/206 MP: 26/26
 32740 | Vaults:4 | 32740 ||| Stepping ~*~*~tactically~*~*~ (outnumbered).
 32769 | Vaults:4 | 32769 ||| INVOKING Heroism.
 32803 | Vaults:4 | Received a gift from Okawaru
 33099 | Vaults:4 | 33099 ||| INVOKING Finesse.
 33189 | Vaults:4 | Reached skill level 25 in Fighting
 33838 | Vaults:4 | 33838 ||| PLANNING SNAKE:4
 33838 | Vaults:4 | 33838 ||| DROPPING +0 robe of fire resistance.
 34210 | Snake:4  | Entered Level 4 of the Snake Pit
 34234 | Snake:4  | 34234 ||| STAIRDANCE
 34391 | Snake:4  | Received a gift from Okawaru
 34574 | Snake:4  | 34574 ||| FLEEEEING.
 34988 | Snake:4  | 34988 ||| FLEEEEING.
 34989 | Snake:4  | 34989 ||| FLEEEEING.
 34990 | Snake:4  | 34990 ||| FLEEEEING.
 34991 | Snake:4  | 34991 ||| FLEEEEING.
 34992 | Snake:4  | 34992 ||| FLEEEEING.
 34994 | Snake:4  | 34994 ||| FLEEEEING.
 34996 | Snake:4  | 34996 ||| FLEEEEING.
 34997 | Snake:4  | 34997 ||| FLEEEEING.
 34998 | Snake:4  | 34998 ||| FLEEEEING.
 34999 | Snake:4  | 34999 ||| FLEEEEING.
 35000 | Snake:4  | 35000 ||| FLEEEEING.
 35026 | Snake:4  | 35026 ||| FLEEEEING.
 35027 | Snake:4  | 35027 ||| FLEEEEING.
 35028 | Snake:4  | 35028 ||| FLEEEEING.
 35165 | Snake:4  | Reached skill level 26 in Fighting
 35212 | Snake:4  | 35212 ||| Stepping ~*~*~tactically~*~*~ (outnumbered).
 35214 | Snake:4  | 35214 ||| Stepping ~*~*~tactically~*~*~ (outnumbered).
 35221 | Snake:4  | 35221 ||| Stepping ~*~*~tactically~*~*~ (outnumbered).
 35222 | Snake:4  | Identified the +0 hat of the Depths {rF+} (Okawaru gifted
                  | it to you on level 4 of the Snake Pit)
 35222 | Snake:4  | Received a gift from Okawaru
 35304 | Snake:4  | Identified the +3 robe of Omission {Will++}
 35411 | Snake:4  | Reached skill level 15 in Armour
 35527 | Snake:4  | 35527 ||| Stepping ~*~*~tactically~*~*~ (outnumbered).
 35528 | Snake:4  | 35528 ||| Stepping ~*~*~tactically~*~*~ (outnumbered).
 35534 | Snake:4  | 35534 ||| Stepping ~*~*~tactically~*~*~ (outnumbered).
 35536 | Snake:4  | 35536 ||| Stepping ~*~*~tactically~*~*~ (outnumbered).
 35627 | Snake:4  | Got a serpentine rune of Zot
 35828 | Snake:4  | 35828 ||| PLANNING DEPTHS
 35828 | Snake:4  | 35828 ||| DROPPING +0 hat of the Depths {rF+}.
 35829 | Snake:4  | 35829 ||| UPGRADING to +3 robe of Omission {Will++}.
 36152 | Depths:1 | Entered Level 1 of the Depths
 36156 | Depths:1 | 36156 ||| INVOKING Heroism.
 36157 | Depths:1 | 36157 ||| INVOKING Finesse.
 36206 | Depths:1 | Found a gateway to Hell.
 36256 | Depths:1 | 36256 ||| INVOKING Heroism.
 36257 | Depths:1 | 36257 ||| INVOKING Finesse.
 36258 | Depths:1 | 36258 ||| INVOKING Finesse.
 36330 | Depths:1 | 36330 ||| INVOKING Heroism.
 36331 | Depths:1 | 36331 ||| INVOKING Finesse.
 36477 | Depths:1 | 36477 ||| DRINKING 2 potions of resistance.
 36486 | Depths:1 | Reached XP level 21. HP: 222/222 MP: 27/27
 36517 | Depths:1 | 36517 ||| INVOKING Heroism.
 36565 | Depths:1 | 36565 ||| INVOKING Finesse.
 36605 | Depths:1 | 36605 ||| FLEEEEING.
 36606 | Depths:1 | 36606 ||| FLEEEEING.
 36607 | Depths:1 | 36607 ||| FLEEEEING.
 36608 | Depths:1 | 36608 ||| FLEEEEING.
 36609 | Depths:1 | 36609 ||| FLEEEEING.
 36610 | Depths:1 | 36610 ||| FLEEEEING.
 36656 | Depths:1 | Found The Oracle's Delphic Readings.
 36732 | Depths:1 | Received a gift from Okawaru
 36884 | Depths:1 | 36884 ||| INVOKING Heroism.
 36885 | Depths:1 | 36885 ||| INVOKING Finesse.
 37089 | Depths:2 | 37089 ||| PLANNING WIZLAB
 37128 | Depths:2 | Reached skill level 27 in Fighting
 37164 | Depths:2 | Received a gift from Okawaru
 37308 | Depths:2 | Found a one-way gateway to a ziggurat.
 37344 | Depths:2 | Found a shimmering blue altar of Sif Muna.
 37381 | Depths:2 | Received a gift from Okawaru
 37435 | Depths:2 | 37435 ||| INVOKING Finesse.
 37488 | Depths:2 | 37488 ||| INVOKING Finesse.
 37514 | Depths:2 | Found a one-way gate leading to the halls of Pandemonium.
 37609 | Depths:2 | Noticed Bai Suzhen
 37609 | Depths:2 | Noticed Grunn
 37610 | Depths:2 | 37610 ||| INVOKING Heroism.
 37611 | Depths:2 | 37611 ||| INVOKING Finesse.
 37620 | Depths:2 | Noticed Mara
 37634 | Depths:2 | Noticed qw's illusion
 37640 | Depths:2 | Killed Grunn
 37657 | Depths:2 | Killed Bai Suzhen
 37658 | Depths:2 | Reached skill level 21 in Ranged Weapons
 37712 | Depths:2 | 37712 ||| Stepping ~*~*~tactically~*~*~ (outnumbered).
 37717 | Depths:2 | 37717 ||| Stepping ~*~*~tactically~*~*~ (outnumbered).
 37756 | Depths:2 | 37756 ||| INVOKING Heroism.
 37880 | Depths:2 | 37880 ||| FLEEEEING.
 37965 | Depths:2 | 37965 ||| INVOKING Heroism.
 37966 | Depths:2 | 37966 ||| INVOKING Finesse.
 38037 | Depths:2 | 38037 ||| RIP WIZLAB
 38037 | Depths:2 | 38037 ||| PLANNING DEPTHS
 38072 | Depths:2 | 38072 ||| INVOKING Heroism.
 38073 | Depths:2 | 38073 ||| INVOKING Finesse.
 38120 | Depths:2 | Identified the amulet of the Messenger {Acrobat -Cast rCorr
                  | Str+3}
 38136 | Depths:2 | 38136 ||| INVOKING Heroism.
 38144 | Depths:2 | Killed Mara
 38386 | Depths:2 | 38386 ||| INVOKING Heroism.
 38590 | Depths:2 | 38590 ||| DROPPING scarf of repulsion.
 38591 | Depths:2 | 38591 ||| DROPPING amulet of the Messenger {Acrobat -Cast
                  | rCorr Str+3}.
 38592 | Depths:2 | 38592 ||| DROPPING ring of see invisible.
 38593 | Depths:2 | 38593 ||| DROPPING +6 ring of strength.
 38656 | Depths:3 | 38656 ||| INVOKING Heroism.
 38691 | Depths:3 | 38691 ||| INVOKING Finesse.
 38838 | Depths:3 | 38838 ||| INVOKING Heroism.
 38839 | Depths:3 | 38839 ||| INVOKING Finesse.
 38906 | Depths:3 | Found a white marble altar of Elyvilon.
 38907 | Depths:3 | Found a burning altar of Makhleb.
 38908 | Depths:3 | Found a basalt altar of Yredelemnul.
 38923 | Depths:3 | 38923 ||| INVOKING Finesse.
 38992 | Depths:3 | Noticed Mennas
 38993 | Depths:3 | 38993 ||| INVOKING Heroism.
 39022 | Depths:3 | Killed Mennas
 39178 | Depths:3 | 39178 ||| INVOKING Heroism.
 39179 | Depths:3 | 39179 ||| Stepping ~*~*~tactically~*~*~ (outnumbered).
 39181 | Depths:3 | 39181 ||| Stepping ~*~*~tactically~*~*~ (outnumbered).
 39198 | Depths:3 | 39198 ||| Stepping ~*~*~tactically~*~*~ (outnumbered).
 39199 | Depths:3 | 39199 ||| Stepping ~*~*~tactically~*~*~ (outnumbered).
 39202 | Depths:3 | 39202 ||| Stepping ~*~*~tactically~*~*~ (outnumbered).
 39203 | Depths:3 | 39203 ||| Stepping ~*~*~tactically~*~*~ (outnumbered).
 39245 | Depths:3 | 39245 ||| INVOKING Heroism.
 39415 | Depths:3 | 39415 ||| INVOKING Heroism.
 39455 | Depths:3 | Reached XP level 22. HP: 221/233 MP: 29/29
 39504 | Depths:3 | 39504 ||| INVOKING Heroism.
 39557 | Depths:3 | 39557 ||| INVOKING Heroism.
 39564 | Depths:3 | 39564 ||| Stepping ~*~*~tactically~*~*~ (outnumbered).
 39614 | Depths:3 | 39614 ||| Stepping ~*~*~tactically~*~*~ (outnumbered).
 39616 | Depths:3 | 39616 ||| Stepping ~*~*~tactically~*~*~ (outnumbered).
 39622 | Depths:3 | Reached skill level 18 in Armour
 39786 | Depths:3 | 39786 ||| INVOKING Heroism.
 39798 | Depths:3 | Received a gift from Okawaru
 39820 | Depths:3 | Identified the ring of Cuqezoeca {AC+4 Str+4 Int+2 Dex-3}
 39836 | Depths:3 | 39836 ||| Stepping ~*~*~tactically~*~*~ (outnumbered).
 39838 | Depths:3 | 39838 ||| INVOKING Heroism.
 39880 | Depths:3 | 39880 ||| INVOKING Heroism.
 39928 | Depths:3 | Noticed Vv
 39929 | Depths:3 | 39929 ||| DRINKING potion of resistance.
 39954 | Depths:3 | Killed Vv
 40004 | Depths:3 | 40004 ||| INVOKING Heroism.
 40098 | Depths:3 | 40098 ||| INVOKING Heroism.
 40139 | Depths:3 | 40139 ||| DROPPING ring of Cuqezoeca {AC+4 Str+4 Int+2
                  | Dex-3}.
 40154 | Depths:3 | 40154 ||| INVOKING Heroism.
 40159 | Depths:3 | 40159 ||| Stepping ~*~*~tactically~*~*~ (outnumbered).
 40175 | Depths:3 | Found the +7 great mace "Undeadhunter" {deathbane, rN+}
 40180 | Depths:3 | Identified the +4 scale mail "Sah Adim" {rElec Will+
                  | Stlth+}
 40199 | Depths:3 | 40199 ||| DROPPING +0 longbow of draining.
 40279 | Depths:3 | 40279 ||| INVOKING Heroism.
 40280 | Depths:3 | 40280 ||| Stepping ~*~*~tactically~*~*~ (outnumbered).
 40335 | Depths:3 | Found the +15 Maxwell's patent armour {-Cast -Tele rElec
                  | Will+ rCorr}
 40378 | Depths:3 | 40378 ||| INVOKING Heroism.
 40379 | Depths:3 | 40379 ||| Stepping ~*~*~tactically~*~*~ (outnumbered).
 40687 | Depths:4 | Entered Level 4 of the Depths
 40687 | Depths:4 | Noticed the Enchantress
 40688 | Depths:4 | 40688 ||| INVOKING Heroism.
 40715 | Depths:4 | 40715 ||| STAIRDANCE
 40728 | Depths:3 | HP: 41/233 [spriggan berserker/+0 quarterstaff[the
                  | Enchantress] (28)]
 40729 | Depths:3 | 40729 ||| READING 18 scrolls of teleportation.
 40729 | Depths:3 | Killed the Enchantress
 40730 | Depths:3 | 40730 ||| DRINKING 7 potions of heal wounds.
 40904 | Depths:3 | 40904 ||| INVOKING Heroism.
 41093 | Depths:3 | 41093 ||| UPGRADING to +5 faerie dragon scales {Will+
                  | rCorr}.
 41103 | Depths:3 | 41103 ||| DROPPING +2 swamp dragon scales.
 41104 | Depths:3 | 41104 ||| DROPPING +1 ring mail of the Blessed Realm
                  | {Rampage SInv Stlth+}.
 41105 | Depths:3 | 41105 ||| DROPPING +0 troll leather armour.
 41106 | Depths:3 | 41106 ||| DROPPING +3 robe of Omission {Will++}.
 41110 | Depths:4 | 41110 ||| INVOKING Heroism.
 41141 | Depths:4 | 41141 ||| INVOKING Finesse.
 41152 | Depths:4 | Reached skill level 21 in Armour
 41214 | Depths:4 | Received a gift from Okawaru
 41219 | Depths:4 | 41219 ||| STAIRDANCE
 41502 | Depths:4 | 41502 ||| ZAPPING wand of digging (5).
 41508 | Depths:4 | 41508 ||| FLEEEEING.
 41509 | Depths:4 | 41509 ||| FLEEEEING.
 41510 | Depths:4 | 41510 ||| FLEEEEING.
 41517 | Depths:4 | Noticed a golden dragon
 41518 | Depths:4 | 41518 ||| INVOKING Heroism.
 41519 | Depths:4 | 41519 ||| INVOKING Finesse.
 41540 | Depths:4 | Killed a golden dragon
 41591 | Depths:4 | Found a gate to the Realm of Zot.
 41616 | Depths:4 | Noticed a juggernaut
 41617 | Depths:4 | 41617 ||| INVOKING Heroism.
 41631 | Depths:4 | Killed a juggernaut
 41706 | Depths:4 | Noticed a golden dragon
 41707 | Depths:4 | 41707 ||| INVOKING Heroism.
 41713 | Depths:4 | 41713 ||| Stepping ~*~*~tactically~*~*~ (outnumbered).
 41718 | Depths:4 | Killed a golden dragon
 41731 | Depths:4 | 41731 ||| Stepping ~*~*~tactically~*~*~ (outnumbered).
 41752 | Depths:4 | 41752 ||| Stepping ~*~*~tactically~*~*~ (outnumbered).
 41753 | Depths:4 | 41753 ||| ZAPPING wand of digging (4).
 41756 | Depths:4 | 41756 ||| Stepping ~*~*~tactically~*~*~ (cloud).
 41794 | Depths:4 | 41794 ||| INVOKING Heroism.
 41867 | Depths:4 | 41867 ||| Stepping ~*~*~tactically~*~*~ (outnumbered).
 41869 | Depths:4 | 41869 ||| Stepping ~*~*~tactically~*~*~ (outnumbered).
 41871 | Depths:4 | 41871 ||| Stepping ~*~*~tactically~*~*~ (outnumbered).
 41873 | Depths:4 | 41873 ||| Stepping ~*~*~tactically~*~*~ (outnumbered).
 41878 | Depths:4 | Reached skill level 12 in Invocations
 41893 | Depths:4 | Reached XP level 23. HP: 240/240 MP: 31/31
 42081 | Depths:4 | 42081 ||| ZAPPING wand of digging (3).
 42089 | Depths:4 | 42089 ||| Stepping ~*~*~tactically~*~*~ (cloud).
 42139 | Depths:4 | 42139 ||| ZAPPING wand of digging (2).
 42166 | Depths:4 | 42166 ||| Stepping ~*~*~tactically~*~*~ (cloud).
 42291 | Depths:4 | 42291 ||| PLANNING VAULTS:5
 42536 | Vaults:5 | Entered Level 5 of the Vaults
 42546 | Vaults:5 | 42546 ||| INVOKING Heroism.
 42547 | Vaults:5 | 42547 ||| INVOKING Finesse.
 42646 | Vaults:5 | 42646 ||| INVOKING Finesse.
 42654 | Vaults:5 | 42654 ||| INVOKING Heroism.
 42655 | Vaults:5 | 42655 ||| Stepping ~*~*~tactically~*~*~ (cloud).
 42675 | Vaults:5 | HP: 57/239 [titan (19)]
 42676 | Vaults:5 | 42676 ||| READING 17 scrolls of teleportation.
 42677 | Vaults:5 | 42677 ||| DRINKING 6 potions of heal wounds.
 42738 | Vaults:5 | Identified the +6 rapier "Doitta" {flame, Will- Str+4}
 42738 | Vaults:5 | Identified the ring "Ettitaw" {rElec rPois rC- rCorr Int+3}
 42742 | Vaults:5 | Noticed a dread lich
 42743 | Vaults:5 | 42743 ||| INVOKING Finesse.
 42756 | Vaults:5 | Killed a dread lich
 42808 | Vaults:5 | 42808 ||| INVOKING Heroism.
 42827 | Vaults:5 | 42827 ||| INVOKING Finesse.
 42921 | Vaults:5 | 42921 ||| INVOKING Heroism.
 43042 | Vaults:5 | Identified the ring "Voaraorherph" {rN+ Int+3}
 43043 | Vaults:5 | 43043 ||| INVOKING Heroism.
 43153 | Vaults:5 | Identified the +1 trident "Weroof" {distort, *Noise Dex+5}
 43162 | Vaults:5 | 43162 ||| INVOKING Heroism.
 43165 | Vaults:5 | Reached skill level 15 in Invocations
 43267 | Vaults:5 | 43267 ||| INVOKING Heroism.
 43304 | Vaults:5 | 43304 ||| Stepping ~*~*~tactically~*~*~ (outnumbered).
 43305 | Vaults:5 | 43305 ||| Stepping ~*~*~tactically~*~*~ (outnumbered).
 43425 | Vaults:5 | 43425 ||| INVOKING Heroism.
 43426 | Vaults:5 | 43426 ||| INVOKING Finesse.
 43531 | Vaults:5 | 43531 ||| INVOKING Heroism.
 43587 | Vaults:5 | Identified the +0 quarterstaff of Patience {freeze, rN+++
                  | rCorr Dex-4}
 43590 | Vaults:5 | Got a silver rune of Zot
 43627 | Vaults:5 | Identified the +0 trident "Siqor" {drain, +Blink Dex+5
                  | Stlth-}
 43630 | Vaults:5 | 43630 ||| DROPPING +4 longbow of draining.
 43632 | Vaults:5 | 43632 ||| INVOKING Finesse.
 43636 | Vaults:5 | 43636 ||| INVOKING Heroism.
 43731 | Vaults:5 | 43731 ||| Stepping ~*~*~tactically~*~*~ (cloud).
 43759 | Vaults:5 | Identified the +8 plate armour of Spring Thaw {rPois rCorr}
 43811 | Vaults:5 | 43811 ||| INVOKING Heroism.
 43828 | Vaults:5 | Noticed an ancient lich
 43829 | Vaults:5 | 43829 ||| Stepping ~*~*~tactically~*~*~ (outnumbered).
 43933 | Vaults:5 | 43933 ||| Invisibility monster not found???
 43961 | Vaults:5 | 43961 ||| INVOKING Heroism.
 44017 | Vaults:5 | 44017 ||| Stepping ~*~*~tactically~*~*~ (outnumbered).
 44167 | Vaults:5 | Identified the +8 shortbow of Fate {freeze, Str+8 Stlth-}
 44225 | Vaults:5 | 44225 ||| INVOKING Heroism.
 44244 | Vaults:5 | Noticed an ancient lich
 44253 | Vaults:5 | Killed an ancient lich
 44258 | Vaults:5 | Identified the +3 leather armour "Pamirgh" {+Blink Will-
                  | Str+2}
 44308 | Vaults:5 | Identified the +5 chain mail of Hedge Wizardry {+Blink
                  | rPois rCorr}
 44650 | Vaults:5 | 44650 ||| PLANNING SHOPPING SPREE
 44650 | Vaults:5 | 44650 ||| DROPPING +3 leather armour "Pamirgh" {+Blink
                  | Will- Str+2}.
 45066 | D:1      | 45066 ||| PLANNING ZOT:1-4
 45523 | Zot:1    | Entered Level 1 of the Realm of Zot
 45524 | Zot:1    | 45524 ||| INVOKING Heroism.
 45525 | Zot:1    | 45525 ||| INVOKING Finesse.
 45649 | Zot:1    | 45649 ||| Stepping ~*~*~tactically~*~*~ (outnumbered).
 45650 | Zot:1    | 45650 ||| Stepping ~*~*~tactically~*~*~ (outnumbered).
 45659 | Zot:1    | 45659 ||| Stepping ~*~*~tactically~*~*~ (outnumbered).
 45709 | Zot:1    | 45709 ||| INVOKING Heroism.
 45723 | Zot:1    | HP: 22/240 [yellow draconian annihilator/crystal spear[a
                  | purple draconian shifter] (44)]
 45724 | Zot:1    | 45724 ||| READING 16 scrolls of teleportation.
 45725 | Zot:1    | 45725 ||| DRINKING 5 potions of heal wounds.
 45726 | Zot:1    | 45726 ||| DRINKING 4 potions of heal wounds.
 45727 | Zot:1    | 45727 ||| DRINKING 3 potions of heal wounds.
 45736 | Zot:1    | HP: 54/240 [yellow draconian/+1 short sword of holy wrath[a
                  | green draconian monk] (28)]
 45737 | Zot:1    | 45737 ||| DRINKING 2 potions of heal wounds.
 45747 | Zot:1    | 45747 ||| INVOKING Finesse.
 45754 | Zot:1    | Reached skill level 18 in Invocations
 45760 | Zot:1    | Reached XP level 24. HP: 69/249 MP: 30/35
 45772 | Zot:1    | HP: 62/249 [red draconian][a red draconian scorcher] (2)]
 45773 | Zot:1    | 45773 ||| READING 15 scrolls of teleportation.
 45774 | Zot:1    | 45774 ||| DRINKING potion of heal wounds.
 45782 | Zot:1    | HP: 52/249 [red draconian/+2 halberd of venom[a red
                  | draconian scorcher] (2)]
 45788 | Zot:1    | HP: 40/249 [red draconian scorcher] (1)]
 45793 | Zot:1    | HP: 32/249 [red draconian scorcher] (2)]
 45796 | Zot:1    | 45796 ||| READING 14 scrolls of teleportation.
 45799 | Zot:1    | HP: 11/249 [black draconian/+0 glaive[a red draconian
                  | scorcher] (17)]
 45799 | Zot:1    | Mangled by a golden dragon

Levels and vault maps discovered:
D:1:      erik_arrival_cave_to_civilisation [erik_arrival_cave_to_hall],
          layout_loops_ring, shapermc_ecumenical_altar_mp_highgroup,
          serial_shops, nicolae_shop_just_a_little_nook
D:2:      layout_rooms, kennysheep_minor_cross, kennysheep_generic_room_11
D:3:      layout_basic, nicolae_gozag_seed_capital, kennysheep_orc_chapel
D:4:      layout_loops_ring, lemuel_round_altar, minmay_temple_entry_offerings,
          minmay_misc_feat_iff
D:5:      layout_basic, eat_drink_and_be_merry_uskayaw,
          gammafunk_temple_overflow_forgotten, ebering_ghost_sewer_d,
          gup_sewer_entry_bubbles, minmay_misc_feat_encased,
          lightli_church_of_beogh
D:6:      layout_loops_ring, palyth_temple_overflow_mages,
          mainiacjoe_overflow_alcove_2, serial_shops, shop, uniq_eustachio
D:7:      layout_cave_pools, fedhas_altar_fruit_tree, general_overflow_altar,
          lemuel_doored_altar, corexii_checkpoint_a,
          eino_small_chamber_without_monster, uniq_duvessa
D:8:      minmay_the_grid_four_pointed_star
          [minmay_the_grid_triangle_9x9_from_above,
          minmay_the_grid_triangle_9x9_fully_insulated_deathbox,
          minmay_the_grid_triangle_9x9_negative_grid,
          minmay_the_grid_triangle_9x9_windchime,
          minmay_the_grid_prize_inner_circle], layout_cave_pools,
          nicolae_dithmenos_through_a_glass_darkly, grunt_ministairs_10,
          minmay_three_doors, uniq_maggie
D:9:      layout_basic, mainiacjoe_overflow_brackets, minmay_lair_entry_grove,
          erik_orc_3, biasface_ghost_orc_armoury, minivault_10, laboratory,
          uniq_maurice, uniq_erica
D:10:     layout_small_grid, mainiacjoe_overflow_alcove_4,
          kennysheep_generic_room_5
D:11:     layout_irregular_city, serial_shops, nicolae_shop_mannequins
D:12:     layout_roguey, minmay_fractal_squares_5, uniq_fannar, uniq_psyche
D:13:     nicolae_BIG_FREAKIN_CUBE, layout_rooms, enter_trove_1,
          patterned_corridor
D:14:     wander_river, layout_stronghold, david_vaults_2,
          ashenzari_conservatory_becter, serial_shops,
          nicolae_shop_behind_doors, uniq_louise, uniq_roxanne
D:15:     hangedman_depths_entry_civil_slaughter, layout_irregular_city,
          elyvilon_altar_4
Temple:   nicolae_temple_superstar
Lair:1:   layout_chaotic_city, minmay_stone_trees_small, wad_woods_river_01,
          lemuel_fruit_fields, grunt_megastairs_2, uniq_joseph, uniq_harold,
          uniq_amaemon, uniq_sonja
Lair:2:   layout_gridlike, shoals_dummy_entry, gauntlet_entry_generic,
          lemuel_old_faithful
Lair:3:   layout_chaotic_city, guppyfry_snake_entry_garden, gammafunk_ghost_ooze
Lair:4:   layout_long_grid, slime_entry_1
Lair:5:   evilmike_catoblepas_cave, layout_gridlike,
          pdpol_lair_cabin_in_the_woods
Shoals:1: layout_shoals, serial_shops, nicolae_shop_rolling_square,
          nicolae_shoals_abyss_on_the_beach
Shoals:2: layout_shoals
Shoals:3: layout_shoals, hellmonk_ghost_happy_afterlife, uniq_ilsuiw,
          uniq_mlioglotl
Shoals:4: shoals_end_grunt_ice, layout_shoals, lemuel_centaur_altar
Snake:1:  layout_layer_cave, special_room, grunt_megastairs_4, minmay_shoptagon,
          uniq_frances
Snake:2:  layout_honeycomb, basic_altar, grunt_ministairs_14, grunt_megastairs_5
Snake:3:  layout_concentric_octagons, serial_bayou_pond_d
Snake:4:  grunt_snake_rune_spirals, layout_onion_interference,
          serial_bayou_shore_a
Orc:1:    hellmonk_paralyzer, layout_caves, serial_shops, shop, roderic_batcave,
          uniq_gastronok
Orc:2:    kennysheep_orc_mage_school, layout_caves, basic_altar,
          hangedman_minor_magic
Vaults:1: nicolae_vaults_tangram_2, hangedman_vaults_restitches, v_misc_5,
          kb_rosetta, hangedman_vaults_river_flow, ontoclasm_vaults_hangar,
          nicolae_vaults_windows_and_doors_thing, v_misc_8,
          hangedman_vaults_nodes, nicolae_vaults_little_squares_4, v_misc_17,
          nicolae_vaults_weapon_check, ontoclasm_vaults_ring_square,
          nicolae_vaults_little_ls, layout_vaults_omnibox, uniq_saint_roka
Vaults:2: portal_desolation_entry_nicolae_slug, nicolae_vaults_prndl,
          nicolae_vaults_frosty_reception, v_misc_19, v_misc_4,
          nicolae_vaults_more_shelving_1, v_misc_27,
          nicolae_vaults_ring_of_whatevers, vaults_room_fours,
          vaults_mumra_minichess, nicolae_vaults_tetromino_T_1,
          layout_vaults_chaotic_city
Vaults:3: nicolae_vaults_corridor_and_loot_room,
          minmay_crypt_entry_nasty_monster, hangedman_vaults_trim,
          nicolae_vaults_little_squares_5, v_alt_pattern_3,
          nicolae_vaults_diamond_2, nicolae_vaults_offset_grid_hallway_1,
          ontoclasm_vaults_claustrophobia, nicolae_vaults_six-pack,
          grunt_vaults_twisty, nicolae_vaults_closet_pinwheel_4,
          layout_vaults_ring
Vaults:4: vaults_dpeg_spiral, st_lines, nicolae_vaults_doubleplus_tesselated,
          nicolae_vaults_rhombus_6, v_alt_pattern_4, v_rooms_6,
          ontoclasm_vaults_ligature, vaults_dpeg_cross,
          nicolae_vaults_diamond_1, nicolae_vaults_diagonal_hallway_6,
          v_misc_15, nicolae_vaults_asterisk, layout_vaults_maze
Vaults:5
Depths:1: layout_big_octagon, hell_entry, nicolae_nh_oracle_at_delphi
Depths:2: minmay_strange_plus, layout_gridlike, ziggurat_fallback,
          grunt_pan_entry_spiral, mu_enter_wizlab_7, lemuel_tele_altar,
          hell_entry, uniq_bai_suzhen, uniq_grunn, uniq_mara
Depths:3: hangedman_slaughterboxes, abyss_entry, hell_entry, uniq_vv,
          uniq_mennas
Depths:4: evilmike_zot_entry_argh, layout_cave_pools,
          chequers_serial_rivers_micro_d, hell_entry, abyss_entry,
          uniq_enchantress
Zot:1:    layout_basic

Skill      XL: |  1  2  3  4  5  6  7  8  9 10 11 12 13 14 15 16 17 18 19 20 21 22 23 |
---------------+----------------------------------------------------------------------+-----
Ranged Weapons | 3 4 5 6 7 8 10 12 13 15 16 19 20 22 | 22.0
Fighting       | 2 3 4 5 7 8 9 10 11 13 17 18 19 21 24 26 27 | 27.0
Armour         | 1 2 5 7 10 11 12 13 15 17 22 | 22.0
Dodging        | 3 4 6 7 8 9 11 13 16 19 21 22 | 22.0
Invocations    | 4 6 10 11 12 18 | 18.2
Spellcasting   | |  1.0
Hexes          | |  2.0

Action                     |  1- 3 |  4- 6 |  7- 9 | 10-12 | 13-15 | 16-18 | 19-21 | 22-24 || total
---------------------------+-------+-------+-------+-------+-------+-------+-------+-------++-------
   Fire: Sling             |    72 |       |       |       |       |       |       |       ||    72
         Orcbow            |    40 |   123 |   260 |   393 |   562 |   832 |  2256 |  1732 ||  6198
         Longbow           |       |       |       |       |   405 |   611 |       |       ||  1016
 Invoke: Heroism           |       |       |     3 |    23 |    32 |    35 |    20 |    32 ||   145
         Finesse           |       |       |       |     1 |     6 |     4 |    14 |    10 ||    35
  Evoke: Wand              |       |       |       |       |       |       |       |     4 ||     4
    Use: Scroll            |     5 |     7 |     4 |     8 |    11 |     5 |     1 |     5 ||    46
         Potion            |       |       |     4 |     2 |     1 |     4 |     5 |     8 ||    24
 Armour: Robe              |    12 |     7 |       |       |       |       |     9 |    21 ||    49
         Ring mail         |       |     1 |    18 |       |       |    38 |    55 |       ||   112
         Leather armour    |       |       |    17 |     4 |       |       |       |       ||    21
         Swamp dragon scal |       |       |       |    41 |   120 |   134 |       |       ||   295
         Acid dragon scale |       |       |       |       |       |       |       |   125 ||   125
  Dodge: Dodged            |    33 |    36 |   167 |   175 |   569 |   947 |   912 |  1277 ||  4116

Table legend:
 A = Non-vault XP
 B = Vault XP
 C = Vault XP percentage of total XP
 D = Non-vault monster count
 E = Vault monster count
 F = Vault count percentage of total count
                 A         B        C        D         E       F
            +---------+---------+-------+---------+---------+-------
      Total |  510087 |  483489 |  48.7 |    1120 |     666 |  37.3
            +---------+---------+-------+---------+---------+-------
        D:1 |      64 |       0 |   0.0 |      30 |       0 |   0.0
        D:2 |      87 |       2 |   2.2 |      28 |       1 |   3.4
        D:3 |      49 |      85 |  63.4 |      19 |       5 |  20.8
        D:4 |     719 |       0 |   0.0 |      13 |       0 |   0.0
        D:5 |     813 |      25 |   3.0 |      19 |       5 |  20.8
        D:6 |     789 |     428 |  35.2 |      17 |       8 |  32.0
        D:7 |    1688 |     561 |  24.9 |      27 |       8 |  22.9
        D:8 |    1123 |    6528 |  85.3 |      20 |      22 |  52.4
        D:9 |    2373 |    7445 |  75.8 |      36 |      45 |  55.6
       D:10 |    3180 |     413 |  11.5 |      26 |       2 |   7.1
       D:11 |    6972 |       0 |   0.0 |      12 |       0 |   0.0
       D:12 |    7642 |    3705 |  32.7 |      21 |       7 |  25.0
       D:13 |    5785 |       0 |   0.0 |      13 |       0 |   0.0
       D:14 |    9693 |    4147 |  30.0 |      30 |       5 |  14.3
       D:15 |   15397 |    4029 |  20.7 |      35 |       7 |  16.7
     Lair:1 |    4090 |    4546 |  52.6 |      16 |      12 |  42.9
     Lair:2 |    4542 |       0 |   0.0 |      21 |       0 |   0.0
     Lair:3 |    8728 |     483 |   5.2 |      26 |       3 |  10.3
     Lair:4 |    8470 |       0 |   0.0 |      36 |       0 |   0.0
     Lair:5 |   21443 |   12301 |  36.5 |      54 |      26 |  32.5
   Shoals:1 |   21123 |    1364 |   6.1 |      41 |       3 |   6.8
   Shoals:2 |    9341 |       0 |   0.0 |      24 |       0 |   0.0
   Shoals:3 |   17799 |    4227 |  19.2 |      37 |       5 |  11.9
   Shoals:4 |    9150 |   18396 |  66.8 |      23 |      35 |  60.3
    Snake:1 |   16855 |    3224 |  16.1 |      34 |       5 |  12.8
    Snake:2 |    8272 |    1942 |  19.0 |      13 |       4 |  23.5
    Snake:3 |   10237 |       0 |   0.0 |      17 |       0 |   0.0
    Snake:4 |   28576 |   34678 |  54.8 |      46 |      41 |  47.1
      Orc:1 |    4150 |    5911 |  58.8 |      27 |      15 |  35.7
   Vaults:1 |   47210 |   31598 |  40.1 |      65 |      47 |  42.0
   Vaults:2 |   29338 |   20095 |  40.7 |      40 |      25 |  38.5
   Vaults:3 |   38102 |   19826 |  34.2 |      56 |      24 |  30.0
   Vaults:4 |   16602 |   13271 |  44.4 |      24 |      16 |  40.0
   Vaults:5 |   15303 |  107158 |  87.5 |      26 |      99 |  79.2
   Depths:1 |   35383 |    1282 |   3.5 |      40 |       2 |   4.8
   Depths:2 |   28490 |   35590 |  55.5 |      37 |      26 |  41.3
   Depths:3 |    2041 |  116215 |  98.3 |       3 |     111 |  97.4
   Depths:4 |   42485 |   17168 |  28.8 |      44 |      15 |  25.4
      Zot:1 |   25983 |       0 |   0.0 |      24 |       0 |   0.0
      Sewer |       0 |     172 | 100.0 |       0 |      23 | 100.0
   Gauntlet |       0 |    6674 | 100.0 |       0 |      14 | 100.0
            +---------+---------+-------+---------+---------+-------
